 Dungeon Crawl Stone Soup version 0.31-a0-1388-g4b2ba23 (webtiles) character file.

Game seed: 7753156694882686327

11718970 alstnccchl the Meteorologist (level 27, 199/199 HPs)
             Began as a Tengu Air Elementalist on Dec 21, 2023.
             Was an Initiate of Gozag.
             Escaped with the Orb
             ... and 15 runes on Dec 24, 2023!
             The game lasted 08:35:36 (140343 turns).

alstnccchl the Meteorologist (TeAE)               Turns: 140343, Time: 08:35:36

Health: 199/199    AC: 18    Str:  8    XL:     27
Magic:  58/64      EV: 35    Int: 46    God:    Gozag
Gold:   1069       SH: 37    Dex: 24    Spells: 3/80 levels left

rFire   + + .        K - +3 Elemental Staff {ele, rElec rF+ rC+ AC+3}
rCold   + + .        P - +18 shield of the Gong {Loud rN+ Will+ rCorr EV-5}
rNeg    + + +        Z - +3 robe of Happiness {rC+ Int+3 Dex+4 SInv}
rPois   +            B - +2 hat of Durog {Regen+}
rElec   +            Y - +0 cloak of Loetom {rN+ Regen+}
rCorr   +            c - +2 pair of gloves of Adovoras {Int+4}
SInv    +            (boots unavailable)
Will    +++++        a - amulet of Vitality {RegenMP++ Regen++}
Stlth   ++           x - ring of Xudghioveb {rF+ Will++ MP+9 Dex+3 Slay-2}
HPRegen 4.53/turn    X - ring of Creativity {rPois rN+ Int+6 Dex+3}
MPRegen 1.19/turn

%: acrobat
@: gold aura, flying, studying 2 skills
A: beak, talons 3, evasive flight, acrobatic, clever 1, strong-willed 1,
regeneration 1
0: Orb of Zot
}: 15/15 runes: barnacled, slimy, silver, golden, iron, obsidian, icy, bone,
abyssal, demonic, glowing, magical, fiery, dark, gossamer
a: Renounce Religion, Potion Petition, Call Merchant, Bribe Branch


You escaped.
You worshipped Gozag.
Gozag was most pleased with you.
You visited 18 branches of the dungeon, and saw 87 of its levels.
You visited Pandemonium 1 time, and saw 21 of its levels.
You visited the Abyss 7 times.
You visited 1 bazaar.
You completed 1 ziggurat, and saw 27 of its levels.
You also visited: Trove.

You collected 69169 gold pieces.
You spent 5417 gold pieces at shops.
You paid 62683 gold pieces to Gozag.

Inventory:

Hand Weapons
 r - the +9 staff of Olgreb {rPois∞}
   (You found it in a treasure trove)

   Radiate:   It can be activated via the 'a'bility menu to radiate toxic
   energy, with effectiveness depending on Evocations skill.
   Alch:      It enhances your alchemy magic.
   rPois∞: It grants immunity to poison.
 K - the +3 Elemental Staff (weapon) {ele, rElec rF+ rC+ AC+3}
   (You found it on level 22 of a ziggurat)

   AC+3:      It affects your AC (+3).
   rF+:       It protects you from fire.
   rC+:       It protects you from cold.
   rElec:     It insulates you from electricity.
Missiles
 E - 14 throwing nets {!f}
Armour
 c - the +2 pair of gloves of Adovoras (worn) {Int+4}
   (You acquired it on level 12 of a ziggurat)

   Int+4:     It affects your intelligence (+4).
 B - the +2 hat of Durog (worn) {Regen+}
   (You acquired it in Pandemonium)

   Regen+:    It increases your rate of health regeneration.
 J - the +2 hood of the Assassin {Detect Stab+ Stlth++}
   (You bought it in a shop on level 2 of the Orcish Mines)

   Detect:    It allows the wearer to sense nearby creatures.
   Stab+:     It allows the wearer to make particularly effective stabbing
   attacks against helpless or unaware enemies with any weapon.
   Stlth++:   It makes you much more stealthy.
 P - the +18 shield of the Gong (worn) {Loud rN+ Will+ rCorr EV-5}
   (You found it on level 11 of the Dungeon)

   Loud:      It is deafeningly noisy when blocking attacks.
   EV-5:      It affects your evasion (-5).
   rN+:       It protects you from negative energy.
   Will+:     It increases your willpower.
   rCorr:     It protects you from acid and corrosion.
 U - the +2 cloak of the Thief {*Fog Slay-2 SInv Stlth+}
   (You found it on level 26 of a ziggurat)

   *Fog:      It may release a thick cloud of smoke when the wearer is hurt.
   Slay-2:    It affects your accuracy & damage with ranged weapons and melee
   (-2).
   SInv:      It lets you see invisible.
   Stlth+:    It makes you more stealthy.
 Y - the +0 cloak of Loetom (worn) {rN+ Regen+}
   (You found it on level 14 of a ziggurat)

   rN+:       It protects you from negative energy.
   Regen+:    It increases your rate of health regeneration.
 Z - the +3 robe of Happiness (worn) {rC+ Int+3 Dex+4 SInv}
   (You found it on level 22 of a ziggurat)

   Int+3:     It affects your intelligence (+3).
   Dex+4:     It affects your dexterity (+4).
   rC+:       It protects you from cold.
   SInv:      It lets you see invisible.
Jewellery
 a - the amulet of Vitality (around neck) {RegenMP++ Regen++}
   (You found it on level 21 of a ziggurat)

   [amulet of magic regeneration]

   RegenMP:   It increases your rate of magic regeneration.
   Regen++:   It increases your rate of health regeneration.
 g - the amulet of the Sky {Reflect Will+ rCorr Int+2 SH+5}
   (You found it on level 16 of a ziggurat)

   [amulet of reflection]

   Reflect:   It reflects blocked missile attacks.
   Int+2:     It affects your intelligence (+2).
   Will+:     It increases your willpower.
   rCorr:     It protects you from acid and corrosion.
   SH+5:      It affects your SH (+5).
 i - the ring "Inoesh" {Fire rPois rN+ Str+2 Int+4 Dex+4}
   (You acquired it on level 12 of a ziggurat)

   [ring of fire]

   Fire:      It enhances your fire magic.
   Str+2:     It affects your strength (+2).
   Int+4:     It affects your intelligence (+4).
   Dex+4:     It affects your dexterity (+4).
   rF+:       It protects you from fire.
   rC-:       It makes you vulnerable to cold.
   rPois:     It protects you from poison rN+: It protects you from negative
   energy.
 p - the ring "Woapt" {Str+3 Int+2 Dex+6 Stlth+}
   (You found it on level 18 of a ziggurat)

   [ring of dexterity]

   Str+3:     It affects your strength (+3).
   Int+2:     It affects your intelligence (+2).
   Dex+6:     It affects your dexterity (+6).
   Stlth+:    It makes you more stealthy.
 x - the ring of Xudghioveb (left hand) {rF+ Will++ MP+9 Dex+3 Slay-2}
   (You took it off an orc warrior on level 5 of the Vaults)

   [ring of protection from fire]

   Dex+3:     It affects your dexterity (+3).
   Slay-2:    It affects your accuracy & damage with ranged weapons and melee
   (-2).
   rF+:       It protects you from fire.
   Will++:    It greatly increases your willpower.
   MP+9:      It affects your magic capacity (+9).
 G - the ring "Sossat" {rElec Will+ Str+2 Dex+6}
   (You found it on level 21 of a ziggurat)

   [ring of dexterity]

   Str+2:     It affects your strength (+2).
   Dex+6:     It affects your dexterity (+6).
   rElec:     It insulates you from electricity.
   Will+:     It increases your willpower.
 V - a ring of see invisible
 W - the ring "Woguiqan" {rF+ rCorr MP+9 Int+3}
   (You found it on level 3 of the Tomb of the Ancients)

   [ring of magical power]

   Int+3:     It affects your intelligence (+3).
   rF+:       It protects you from fire.
   MP+9:      It affects your magic capacity (+9).
   rCorr:     It protects you from acid and corrosion.
 X - the ring of Creativity (right hand) {rPois rN+ Int+6 Dex+3}
   (You bought it in a shop on level 2 of the Spider Nest)

   [ring of intelligence]

   Int+6:     It affects your intelligence (+6).
   Dex+3:     It affects your dexterity (+3).
   rPois:     It protects you from poison rN+: It protects you from negative
   energy.
Wands
 y - a wand of digging (16)
 z - a wand of quicksilver (4) (quivered)
Scrolls
 d - 22 scrolls of enchant weapon
 e - 38 scrolls of teleportation {!r}
 h - 14 scrolls of amnesia
 j - 16 scrolls of poison
 l - 5 scrolls of silence {!r}
 m - 13 scrolls of immolation
 n - 10 scrolls of blinking
 o - 6 scrolls of revelation {!r}
 s - 21 scrolls of fog {!r}
 u - 17 scrolls of vulnerability
 A - 21 scrolls of enchant armour
 H - 11 scrolls of fear {!r}
 Q - 10 scrolls of brand weapon
 R - 3 scrolls of summoning {!r}
 S - 4 scrolls of torment
Potions
 b - a potion of magic {!q}
 f - 3 potions of heal wounds {!q}
 k - 24 potions of cancellation {!q}
 q - 30 potions of curing {!q}
 t - 3 potions of lignification {!q}
 v - 3 potions of mutation
 w - 10 potions of haste {!q}
 D - 15 potions of attraction
 F - 12 potions of ambrosia {!q}
 I - 10 potions of might {!q}
 L - 2 potions of brilliance {!q}
 M - 7 potions of invisibility {!q}
 N - 4 potions of resistance {!q}
Miscellaneous
 C - a phantom mirror
 O - 2 +1 figurines of a ziggurat
 T - a sack of spiders


   Skills:
 O Level 27 Fighting
 - Level 0.1 Throwing
 O Level 27 Armour
 - Level 26.5 Dodging
 - Level 10.0 Stealth
 - Level 25.1 Shields
 O Level 27 Spellcasting
 O Level 27 Conjurations
 - Level 23.0 Necromancy
 O Level 27 Fire Magic
 O Level 27 Air Magic
 * Level 22.2 Earth Magic


You had 3 spell levels left.
You knew the following spells:

 Your Spells              Type           Power      Damage    Failure   Level
a - Blink                 Tloc           100%       N/A       1%          2
b - Shatter               Erth           79%        3d57*     2%          9
c - Airstrike             Air            84%        2d(12-28) 0%          4
d - Plasma Beam           Fire/Air       97%        2x1d117   0%          6
e - Maxwell's Capacitive  Air            84%        ∞         1%          8
g - Chain Lightning       Conj/Air       84%        3d112     1%          9
h - Ignition              Fire           84%        3d22      1%          8
i - Fire Storm            Conj/Fire      84%        8d21      1%          9
j - Lehudib's Crystal Sp  Conj/Erth      81%        10d18     1%          8
l - Death's Door          Necr           67%        N/A       1%          9
p - Sublimation of Blood  Necr           100%       N/A       0%          2
w - Swiftness             Air            100%       N/A       0%          3

Your spell library contained the following spells:

 Spells                   Type           Power      Damage    Failure   Level
 Foxfire                  Conj/Fire      100%       2x1d9     0%          1
 Kiss of Death            Conj/Necr      100%       2d13      0%          1
 Magic Dart               Conj           100%       1d8       0%          1
 Necrotise                Necr           100%       1d9       0%          1
 Sandblast                Erth           100%       2d20      0%          1
 Shock                    Conj/Air       100%       1d9       0%          1
 Sting                    Conj/Alch      100%       1d9       0%          1
 Cigotuvi's Dreadful Rot  Necr/Alch/Air  100%       N/A       0%          2
 Mercury Vapours          Alch/Air       100%       N/A       0%          2
 Momentum Strike          Conj/Tloc      100%       3d10      0%          2
 Passwall                 Alch/Erth      100%       N/A       0%          2
 Scorch                   Fire           100%       2d9       0%          2
 Searing Ray              Conj           100%       2d8       0%          2
 Static Discharge         Conj/Air       100%       3-8/arc   0%          2
 Dazzling Flash           Conj/Hex       100%       N/A       0%          3
 Fugue of the Fallen      Necr           100%       N/A       0%          3
 Hailstorm                Conj/Ice       100%       3d16      0%          3
 Inner Flame              Hex/Fire       100%       N/A       0%          3
 Mephitic Cloud           Conj/Alch/Air  100%       N/A       0%          3
 Stone Arrow              Conj/Erth      100%       3d13      0%          3
 Vampiric Draining        Necr           100%       2d13      0%          3
 Volatile Blastmotes      Fire/Tloc      100%       2d18      0%          3
 Apportation              Tloc           100%       N/A       1%          1
 Freeze                   Ice            100%       1d10      1%          1
 Slow                     Hex            100%       N/A       1%          1
 Summon Small Mammal      Summ           100%       N/A       1%          1
 Call Imp                 Summ           100%       N/A       1%          2
 Ensorcelled Hibernation  Hex/Ice        100%       N/A       1%          2
 Jinxbite                 Hex            100%       N/A       1%          2
 Lesser Beckoning         Tloc           100%       N/A       1%          2
 Call Canine Familiar     Summ           58%        N/A       1%          3
 Confusing Touch          Hex            58%        N/A       1%          3
 Frozen Ramparts          Ice            100%       1d16      1%          3
 Gell's Gravitas          Tloc           58%        N/A       1%          3
 Ozocubu's Armour         Ice            75%        N/A       1%          3
 Sigil of Binding         Hex            58%        N/A       1%          3
 Summon Guardian Golem    Hex/Summ       58%        N/A       1%          3
 Teleport Other           Tloc           58%        N/A       1%          3
 Tukima's Dance           Hex            58%        N/A       1%          3
 Brom's Barrelling Bould  Conj/Erth      100%       2d11      0%          4
 Dispel Undead            Necr           100%       3d31      0%          4
 Flame Wave               Conj/Fire      100%       2d21      0%          4
 Fulminant Prism          Conj/Alch      56%        3d24      0%          4
 Ignite Poison            Fire/Alch      100%       N/A       0%          4
 Iskenderun's Mystic Bla  Conj/Tloc      100%       2d19      0%          4
 Sticky Flame             Fire/Alch      100%       2d15      0%          4
 Summon Lightning Spire   Summ/Air       100%       N/A       0%          4
 Vhi's Electric Charge    Tloc/Air       100%       N/A       0%          4
 Agony                    Necr           100%       N/A       0%          5
 Arcjolt                  Conj/Air       84%        1d94      0%          5
 Borgnjor's Vile Clutch   Necr/Erth      79%        N/A       0%          5
 Fireball                 Conj/Fire      84%        3d31      0%          5
 Freezing Cloud           Conj/Ice/Air   87%        6-21      0%          5
 Iskenderun's Battlesphe  Conj           100%       2d15      0%          5
 Lee's Rapid Deconstruct  Erth           79%        3d35*     0%          5
 Bombard                  Conj/Erth      81%        9d13      0%          6
 Conjure Ball Lightning   Conj/Air       84%        3x3d32    0%          6
 Death Channel            Necr           67%        N/A       0%          6
 Starburst                Conj/Fire      84%        6d21      0%          6
 Orb of Destruction       Conj           71%        9d16      0%          7
 Anguish                  Hex/Necr       53%        N/A       1%          4
 Animate Armour           Summ/Erth      100%       N/A       1%          4
 Leda's Liquefaction      Alch/Erth      64%        N/A       1%          4
 Petrify                  Alch/Erth      100%       N/A       1%          4
 Irradiate                Conj/Alch      56%        3d30      1%          5
 Silence                  Hex/Air        68%        N/A       1%          5
 Haunt                    Necr/Summ      53%        N/A       1%          7
 Spellforged Servitor     Conj/Summ      56%        N/A       1%          7
 Borgnjor's Revivificati  Necr           67%        N/A       1%          8
 Cause Fear               Hex            29%        N/A       2%          4
 Dimensional Bullseye     Hex/Tloc       29%        N/A       2%          4
 Manifold Assault         Tloc           58%        N/A       2%          4
 Olgreb's Toxic Radiance  Alch           58%        N/A       2%          4
 Passage of Golubria      Tloc           58%        N/A       2%          4
 Summon Ice Beast         Ice/Summ       75%        N/A       2%          4
 Alistair's Intoxication  Alch           38%        N/A       6%          5
 Metabolic Englaciation   Hex/Ice        37%        N/A       6%          5
 Summon Forest            Summ/Tloc      29%        N/A       6%          5
 Summon Mana Viper        Hex/Summ       58%        N/A       6%          5
 Yara's Violent Unravell  Hex/Alch       29%        3d12      6%          5
 Dispersal                Tloc           29%        N/A       34%         6
 Eringya's Noxious Bog    Alch           29%        4d6       34%         6
 Summon Cactus Giant      Summ           29%        N/A       34%         6
 Enfeeble                 Hex            29%        N/A       88%         7
 Malign Gateway           Summ/Tloc      29%        N/A       88%         7
 Monstrous Menagerie      Summ           29%        N/A       88%         7
 Ozocubu's Refrigeration  Ice            37%        4d15      88%         7
 Summon Hydra             Summ           29%        N/A       88%         7
 Discord                  Hex            29%        N/A       100%        8
 Disjunction              Tloc           29%        N/A       100%        8
 Summon Horrible Things   Summ           29%        N/A       100%        8
 Dragon's Call            Summ           29%        N/A       100%        9
 Polar Vortex             Ice            37%        12d5*     100%        9
 Animate Dead             Necr           Unusable   N/A       N/A         4
 Simulacrum               Ice/Necr       Unusable   N/A       N/A         6

Dungeon Overview and Level Annotations

Branches:
Dungeon (15/15)            Temple (1/1) D:4            Lair (5/5) D:9
 Shoals (4/4) Lair:2       Spider (4/4) Lair:2        Slime (5/5) Lair:4
    Orc (2/2) D:9             Elf (3/3) Orc:2        Vaults (5/5) D:13
  Crypt (3/3) Vaults:2       Tomb (3/3) Crypt:3      Depths (4/4) D:15
   Hell (visited)             Dis (7/7) Hell            Geh (7/7) Hell
    Coc (7/7) Hell            Tar (7/7) Hell            Zot (5/5) Depths:4

Altars:
Ashenzari
Cheibriados
Dithmenos
Elyvilon
Fedhas
Gozag
Hepliaklqana
Kikubaaqudgha
Makhleb
Nemelex Xobeh
Okawaru
Qazlal
Ru
Sif Muna
Trog
Uskayaw
Vehumet
Wu Jian
Xom
Yredelemnul
Zin
The Shining One
Jiyva

Shops:
D:7 [=[!   D:8 :   D:14 *   Orc:2 [![?(   Elf:1 ([(   Elf:2 !   Elf:3 [*
Lair:4 [:   Shoals:1 ?   Shoals:3 (   Spider:2 *=   Vaults:3 (   Vaults:4 ?
Vaults:5 [*[   Depths:2 [[=   Depths:4 =[[*

Portals:
Hell: Depths:1 Depths:2 Depths:3 Depths:4
Abyss: Elf:3 Depths:3
Pandemonium: Depths:2

Annotations:
D:8 2 transporters
Spider:2 1 runed translucent door, Siefol's ghost, adept HOMo
Elf:1 20 runed translucent doors
Elf:2 3 runed translucent doors
Vaults:3 1 exclusion
Zot:1 2 transporters, Egutz's ghost, master TrFi


Innate Abilities, Weirdness & Mutations

You have a beak for a mouth.
You have claws for feet.
Your magical flight helps you evade attacks. (EV +4)
You can magically evade attacks while moving or waiting.
Your mind is acute. (Int +4, Str/Dex -1)
You are strong-willed. (Will+)
Your natural rate of healing is unusually fast.


Message History

There is a stone staircase leading down here.
Unknown command.
Done exploring.
Done exploring.
Done exploring.
There is an open door here.
An Orb Guardian comes into view.
Casting: Chain Lightning (mildly dangerous; 1% risk of failure)
Confirm with . or Enter, or press ? or * to list all spells.
You feel a surge of power! Lightning arcs from your hands!
The bolt of lightning hits the Orb Guardian!!!!
You kill the Orb Guardian!
The bolt of lightning hits you! You resist.
Unknown command.
HP restored.
Magic restored.
You see here 4 boomerangs.
An Orb Guardian comes into view.
The Orb Guardian moves out of view.
Casting: Chain Lightning (mildly dangerous; 1% risk of failure)
Confirm with . or Enter, or press ? or * to list all spells.
You feel a surge of power! Lightning arcs from your hands!
The bolt of lightning hits the Orb Guardian!!!!!
You kill the Orb Guardian!
The bolt of lightning hits you! You resist.
Unknown command.
There is a staircase leading out of the dungeon here.
Unknown command.
Unknown command.
Unknown command.
Unknown command.
Unknown command.
Unknown command.
Unknown command.
Unknown command.
Unknown command.
Unknown command.
You can't go down here!
Unknown command.
You have escaped!

...# #.### ##.....## #.. .#.#
#.#.## #...>...# #..
.#.########....################..
...............#...#.......#'....
..#.#######....#$#.#.#####.####..
.#.## #.#.##.#.#...#.#.# #.# .###
#....#...###.#.#.# #.# .#
####.#.#.#...#.#.# #.# .#
#.#@#.#.###.#.# #.# ##
#.###.#...#.#.####.#
#.#...#.#.#.###....#
#.###.#.#.#.#...#..#
#.#.#.#†#.#.#.#....#
#.#...#.#...#.###.##
#.#.#.###.###.# #.#
#.#.#.#.....#.###.#
###.#...###.#.#...#


There were no monsters in sight!

Vanquished Creatures
  Cerebov (Pan)
  Asmodeus (Geh:7)
  Antaeus (Coc:7)
  the Royal Jelly (Slime:5)
  Gloorx Vloq (Pan)
  Ereshkigal (Tar:7)
  Dissolution (Slime:2)
  Mnoleg (Pan)
  the Serpent of Hell (Coc:7)
  Lom Lobon (Pan)
  7 dread liches
  Dispater (Dis:7)
  8 ancient liches
  3 orbs of fire
  Mennas (Pan)
  24 pandemonium lords
  12 juggernauts
  41 royal mummies
  Xtahua (Crypt:1)
  7 Killer Klowns
  16 shard shrikes
  Bai Suzhen (Crypt:1)
  Vv (Crypt:3)
  Margery (Vaults:3)
  Geryon (Hell)
  Jory (Crypt:3)
  37 caustic shrikes
  5 golden dragons
  15 bone dragons
  21 Tzitzimimeh
  15 profane servitors
  25 hellephants
  27 Brimstone Fiends
  14 doom hounds
  Zenata (Crypt:2)
  3 electric golems
  20 tentacled monstrosities
  41 iron giants
  52 Hell Sentinels
  35 Ice Fiends
  A shard shrike skeleton (Tomb:3)
  16 Orb Guardians
  8 deep elf blademasters
  23 tainted leviathans
  A walking earthen tome (Depths:2)
  Jorgrun (D:14)
  11 liches
  4 quicksilver dragons
  12 sphinxes
  39 acid blobs
  29 titans
  Murray (Hell)
  A walking frostbound tome (Depths:2)
  Grunn (Crypt:3)
  16 searing wretches
  Frances (D:12)
  4 krakens
  8 deep elf master archers
  A sphinx (shapeshifter) (Zig:19)
  42 Executioners
  19 tentacled starspawn
  31 ancient champions
  The ghost of Kave the Brawler, an adept TrSh of Sif Muna (Elf:2)
  6 death cobs
  Kirke (D:14)
  11 shadow dragons
  17 tengu reavers
  8 protean progenitors
  Aizul (Shoals:2)
  Roxanne (Shoals:2)
  A daeva (Abyss:4)
  18 draconian knights
  4 revenants
  14 storm dragons
  A fenstrider witch (shapeshifter) (Zig:19)
  5 draconian monks
  2 iron dragons
  14 nagarajas
  19 rockslimes
  23 narguns
  20 azure jellies
  21 demonspawn warmongers
  34 fire giants
  8 draconian shifters
  12 deep elf sorcerers
  14 quicksilver elementals
  4 draconian scorchers
  2 emperor scorpions
  64 balrugs
  20 frost giants
  31 vault wardens
  3 caustic shrike zombies
  2 draconian stormcallers
  2 curse skulls (Pan)
  5 deep elf elementalists
  8 ghost moths
  5 shard shrike simulacra
  11 ghouls
  33 cacodemons
  21 demonspawn corrupters
  30 ironbound preservers
  2 angels (Pan)
  The ghost of Cuis the Swashbuckler, an adept VSBr of Uskayaw (Elf:3)
  24 reapers
  10 quicksilver oozes
  5 spriggan defenders
  13 draconian annihilators
  6 orc warlords
  16 demonspawn blood saints
  17 war gargoyles
  10 vampire knights
  9 formless jellyfish
  18 very ugly things
  An eleionoma (Zig:9)
  8 ironbound thunderhulks
  25 stone giants
  3 broodmothers
  17 elemental wellsprings
  13 green draconians
  10 demonspawn black suns
  The ghost of Raufuge the Blocker, a journeyman FoFi of the Shining One (D:14)
  24 lorocyprocas
  3 caustic shrike skeletons (Pan)
  9 deep elf death magi
  16 deep elf annihilators
  21 spark wasps
  11 deep elf demonologists
  5 purple draconians
  6 white draconians
  7 black draconians
  17 putrid mouths
  10 yellow draconians
  8 bennus
  25 wendigos
  A minotaur (D:14)
  A spark wasp (shapeshifter) (Zig:19)
  8 dire elephants
  10 red draconians
  24 mummy priests
  23 iron golems
  2 eidola
  7 merfolk impalers
  2 merfolk javelineers (Shoals:4)
  27 green deaths
  35 blizzard demons
  21 ettins
  2 crystal guardians
  6 fire dragons
  8 entropy weavers
  A spectral spriggan (Tar:4)
  23 jiangshi
  6 deep elf high priests
  Josephine (D:11)
  32 vault guards
  4 spriggan zombies
  Erolcha (D:11)
  A peacekeeper (Vaults:3)
  17 rakshasas
  17 yaktaur captains
  20 ice dragons
  9 caustic shrike simulacra
  24 salamander tyrants
  5 merfolk avatars
  10 hell beasts
  6 ogre magi
  23 great orbs of eyes
  2 catoblepae
  12 centaur warriors
  8 spriggan skeletons
  9 spriggan air magi
  9 radroaches
  8 two-headed ogres
  6 merfolk aquamancers
  6 hydras
  Erica (D:11)
  2 alligators
  10 juggernaut simulacra
  A jorogumo (Spider:3)
  An alligator snapping turtle (Shoals:4)
  An Orb Guardian skeleton (Crypt:1)
  51 dancing weapons
  A sphinx zombie (Hell)
  11 ironbound frosthearts
  4 death knights
  36 death scarabs
  2 satyrs
  An anaconda (Zig:11)
  A stoker (Geh:6)
  13 boulder beetles
  2 sphinx skeletons (Zig:20)
  10 occultists
  3 death yaks
  37 demonic crawlers
  31 hell hogs
  4 tengu warriors
  A titan zombie (Tomb:1)
  Urug (D:12)
  A satyr (shapeshifter) (Abyss:4)
  8 naga sharpshooters
  7 deep troll shamans
  19 thrashing horrors
  3 spriggans
  3 vampire magi
  4 deep troll earth magi
  53 soul eaters
  4 spriggan berserkers
  Sonja (D:10)
  12 hell knights
  8 orc high priests
  117 sun demons
  12 iron trolls
  19 crystal echidnas
  An iron troll (shapeshifter) (Zig:19)
  A skyshark (shapeshifter) (Vaults:5)
  A titan skeleton (Pan)
  7 shock serpents
  19 deep elf knights
  30 skeletal warriors
  Nergalle (D:11)
  47 sixfirhies
  Amaemon (Lair:2)
  9 shadow wraiths
  A ghost moth zombie (Crypt:1)
  17 wretched stars
  A skyshark (Shoals:2)
  A spatial maelstrom (Abyss:4)
  A golden dragon zombie (Hell)
  2 storm dragon skeletons
  A cherub (Pan)
  6 flayed ghosts
  6 orb spiders
  9 deep elf archers
  7 salamander mystics
  6 pharaoh ants
  8 quicksilver dragon simulacra
  3 spriggan druids (Zig:9)
  2 naga ritualists (Zig:16)
  2 swamp dragons (Zig:9)
  Lodul (D:10)
  11 spriggan simulacra (Coc:7)
  2 sun moths
  69 deep trolls
  2 spectral anacondas
  29 shadow demons
  15 sea snakes
  6 steelbarb worms
  2 anaconda skeletons
  2 orb spiders (shapeshifter)
  2 bog bodies
  11 arcanists
  2 obsidian statues (Zig:2)
  A lindwurm (shapeshifter) (Vaults:5)
  A tengu zombie (Hell)
  A fenstrider witch simulacrum (Coc:2)
  A golden dragon skeleton (Pan)
  21 ironbound convokers
  9 lindwurms
  14 glowing orange brains
  A steelbarb worm (shapeshifter) (Zig:23)
  5 orange crystal statues
  14 harpies
  9 phantasmal warriors
  17 deep elf pyromancers
  18 deep elf zephyrmancers
  17 necromancers
  8 orc knights
  A stone giant zombie (Hell)
  An oklob plant (Lair:1)
  3 mana vipers
  21 wolf spiders
  2 frost giant zombies (Hell)
  17 cyclopes
  43 ugly things
  6 orc sorcerers
  9 salamanders
  2 spectral ettins
  A shining eye (shapeshifter) (Zig:19)
  A cyclops (shapeshifter) (Zig:19)
  17 manticores
  A fire giant zombie (Vaults:5)
  10 shining eyes
  6 kobold blastminers
  39 moths of wrath
  2 fauns (shapeshifter)
  3 worldbinders
  15 merfolk sirens
  Maurice (D:11)
  An iron dragon skeleton (Zig:20)
  An elephant (shapeshifter) (Zig:23)
  7 titan simulacra
  Joseph (D:9)
  10 fauns
  10 elephants
  11 eyes of devastation
  2 rust devils
  18 black mambas
  2 water nymphs
  An eye of devastation (shapeshifter) (Zig:23)
  7 guardian serpents
  6 torpor snails
  A centaur zombie (Tomb:3)
  10 molten gargoyles (Geh:7)
  A stone giant skeleton (Tomb:1)
  2 ice statues
  15 naga magi
  8 cane toads
  A black mamba (shapeshifter) (Abyss:4)
  54 smoke demons
  17 vault sentinels
  6 apocalypse crabs
  3 centaur skeletons
  An emperor scorpion simulacrum (Coc:2)
  A gargoyle (D:14)
  38 hellions
  8 spectral swamp worms (Tar:7)
  4 kobold demonologists
  57 yaktaurs
  An unseen horror (D:6)
  86 large abominations
  A minotaur zombie (Tomb:1)
  6 ancient zymes
  45 orange demons
  9 efreet
  7 komodo dragons
  2 alligator snapping turtle skeletons
  A bunyip simulacrum (Coc:1)
  8 rime drakes
  An unseen horror zombie (Crypt:1)
  48 guardian mummies
  46 tormentors
  4 anaconda simulacra
  8 freezing wraiths
  A death yak skeleton (Crypt:2)
  2 golden dragon simulacra
  3 iron giant simulacra
  A queen bee (shapeshifter) (Elf:1)
  11 red devils
  10 ice devils
  4 hornets
  A bloated husk (Zig:9)
  3 spectral harpies
  12 trolls
  14 meliai
  A sea snake skeleton (Crypt:1)
  31 merfolk
  2 shadow dragon simulacra
  A silent spectre (Tar:1)
  40 hellwings
  10 polar bears
  A queen bee (Depths:3)
  7 wind drakes
  A hornet (shapeshifter) (D:15)
  13 raiju
  9 blink frogs
  21 tarantellas
  5 ettin zombies
  4 dream sheep
  16 snapping turtles
  9 glass eyes
  18 culicivoras
  5 harpy skeletons (Pan)
  Sigmund (D:5)
  2 iron dragon simulacra
  4 ettin skeletons
  4 stone giant simulacra
  8 air elementals
  2 vampires
  A jumping spider (shapeshifter) (Zig:23)
  3 shadows (Crypt:3)
  130 slime creatures
  A wind drake zombie (Crypt:2)
  A centaur simulacrum (Coc:2)
  14 water elementals
  14 wraiths
  58 ynoxinuls
  27 jumping spiders
  3 wyverns
  4 dire elephant simulacra
  4 hogs (D:14)
  6 naga simulacra
  42 yaks
  19 ushabtiu
  5 basilisks
  6 fire elementals
  42 redbacks
  3 alligator snapping turtle simulacra
  26 golden eyes
  44 neqoxecs
  4 wargs
  11 vampire mosquitoes
  42 chaos spawn
  17 harpy simulacra
  5 nagas
  3 steam dragons
  A swamp worm (shapeshifter) (Zig:19)
  A human zombie (Hell)
  2 acid dragons
  3 glowing shapeshifter zombies
  A glowing shapeshifter skeleton (Vaults:5)
  2 hydra simulacra (Coc:1)
  16 water moccasins
  4 hell hounds
  A cane toad skeleton (Crypt:2)
  A hornet zombie (Crypt:1)
  8 ice beasts (Zig:26)
  31 orc warriors
  2 black bears
  28 small abominations
  28 laughing skulls
  25 ogres
  5 ettin simulacra
  27 wolves
  A lindwurm zombie (Crypt:2)
  13 centaurs
  2 phantoms (D:6)
  10 weeping skulls
  2 kobold brigands
  10 necrophages
  4 brain worms (Abyss:4)
  3 gnoll sergeants
  3 scorpions
  8 bullfrogs
  An earth elemental (Elf:2)
  3 human skeletons
  A salamander skeleton (Crypt:1)
  4 burial acolytes (Crypt:3)
  13 wights
  7 killer bees
  3 howler monkeys
  2 electric eels (Lair:2)
  A hound (D:5)
  3 quasits
  3 human simulacra (Vaults:5)
  16 jellies
  9 orc priests
  54 starcursed masses
  Jessica (D:3)
  2 gnoll boudas
  4 iguanas
  22 orc wizards
  5 hell rats (Hell)
  A hound zombie (Crypt:2)
  48 mummies
  22 gnolls
  7 adders
  A shadow imp (D:6)
  7 white imps
  A bombardier beetle (D:4)
  An ufetubus (Abyss:4)
  An iguana zombie (Crypt:2)
  A dart slug (D:2)
  63 orcs
  13 ball pythons
  6 endoplasms
  3 giant cockroaches
  A gnoll zombie (Crypt:1)
  5 goblins
  7 hobgoblins
  2 jackals (D:2)
  12 kobolds
  5 quokkas
  4 bats
  5 frilled lizards
  8 rats
  A spectral kobold (D:10)
  A spectral orc (D:7)
  13 aspiring fleshes
  10 ball lightnings
  3 creeping infernos (Geh:6)
  A fire vortex (Zig:11)
  A lurking horror (Abyss:4)
  8 starspawn tentacles
  8 tentacles
5255 creatures vanquished.

Vanquished Creatures (collateral kills)
  An ancient lich (Zot:5)
  2 royal mummies (Tomb:1)
  A Killer Klown (Zot:5)
  A caustic shrike (Zig:21)
  6 profane servitors (Tar:7)
  5 Tzitzimimeh
  A Brimstone Fiend (Geh:7)
  An iron giant (Zig:27)
  7 tainted leviathans (Tar:7)
  A Hell Sentinel (Zig:21)
  8 Orb Guardians (Zot:5)
  2 titans (Vaults:5)
  An Ice Fiend (Zig:26)
  A nargun (Coc:3)
  A balrug (Geh:7)
  A draconian annihilator (Zig:17)
  A reaper (Pan)
  A war gargoyle (Zig:21)
  A deep elf annihilator (Elf:3)
  2 putrid mouths (Tar:7)
  An ettin (Vaults:5)
  A spectral kraken (Tar:7)
  3 iron golems (Zig:21)
  2 ice dragons (Zig:26)
  2 salamander tyrants (Geh:7)
  A death scarab (Tomb:3)
  2 hell hogs (Geh:7)
  A sixfirhy (Zot:1)
  An orc knight (Vaults:5)
  An ugly thing (Pan)
  A large abomination (Pan)
  5 spectral swamp worms (Tar:7)
  2 hellions (Geh:7)
  A rime drake (Zig:26)
  A tormentor (Zot:5)
  An anaconda simulacrum (Coc:7)
  A guardian mummy (Tomb:1)
  A silent spectre (Tar:7)
  A dire elephant simulacrum (Coc:7)
  2 orc warriors (Vaults:5)
  2 ice beasts (Zig:26)
  12 mummies
  A creeping inferno (Geh:7)
91 creatures vanquished.

Vanquished Creatures (others)
  An ancient lich (Zot:5)
  A pandemonium lord (Zig:19)
  7 royal mummies
  A Killer Klown (Zig:19)
  A golden dragon (Zot:5)
  A Tzitzimitl (Tar:7)
  3 hellephants
  A tainted leviathan (Tar:7)
  A searing wretch (Geh:7)
  2 Orb Guardians (Zot:5)
  2 eldritch tentacles
  A storm dragon (Zot:5)
  A fire giant (Geh:7)
  3 narguns (Coc:3)
  A cacodemon (Pan)
  A balrug (Geh:7)
  3 draconian annihilators
  An eleionoma (Zig:9)
  5 putrid mouths (Tar:7)
  A merfolk impaler (Shoals:2)
  A fire dragon (Abyss:4)
  3 mummy priests (Tomb:1)
  A salamander tyrant (Geh:7)
  2 death scarabs (Tomb:3)
  A demonic crawler (Pan)
  A skeletal warrior (Tomb:3)
  A sixfirhy (Pan)
  A deep elf zephyrmancer (Elf:2)
  A moth of wrath (Zot:5)
  2 molten gargoyles (Geh:7)
  2 hellions (Coc:3)
  A tormentor (Tar:7)
  6 guardian mummies
  A shadow dragon simulacrum (Zig:22)
  An iron dragon simulacrum (Zig:22)
  A stone giant simulacrum (Coc:1)
  5 ushabtiu
  3 fire bats (Abyss:4)
  3 chaos spawn (Abyss:4)
  A small abomination (Zot:5)
  A hell rat (Hell)
  9 mummies
  An orc (Orc:2)
  2 aspiring fleshes (Zig:19)
  4 ball lightnings
  A creeping inferno (Geh:7)
  419 fire vortices
  A lurking horror (Abyss:4)
  27 starspawn tentacles
  15 tentacles
556 creatures vanquished.

Grand Total: 5902 creatures vanquished

Notes
Turn   | Place    | Note
-------+----------+-------------------------------------------
     0 | D:1      | alstnccchl the Tengu Air Elementalist began the quest for
                  | the Orb.
     0 | D:1      | Reached XP level 1. HP: 10/10 MP: 4/4
   392 | D:1      | Reached XP level 2. HP: 15/15 MP: 4/6
  1080 | D:1      | Learned a level 2 spell: Static Discharge
  1549 | D:2      | Identified the +9 dagger of False Accusations {drain, rF+
                  | Int+5}
  1689 | D:2      | Reached XP level 3. HP: 17/19 MP: 4/7
  2601 | D:3      | Reached XP level 4. HP: 22/24 MP: 5/8
  2762 | D:3      | Found a blossoming altar of Fedhas.
  2790 | D:3      | Noticed Jessica
  3050 | D:3      | Found a glowing golden altar of the Shining One.
  3078 | D:3      | Killed Jessica
  3161 | D:3      | Found a stormy altar of Qazlal.
  3281 | D:3      | Reached XP level 5. HP: 28/28 MP: 2/10
  3285 | D:3      | Reached skill level 5 in Air Magic
  3672 | D:4      | Found a staircase to the Ecumenical Temple.
  3701 | D:4      | Learned a level 3 spell: Swiftness
  3706 | D:4      | Learned a level 4 spell: Airstrike
  3986 | D:4      | Found a white marble altar of Elyvilon.
  4026 | D:4      | Reached XP level 6. HP: 20/32 MP: 7/12
  4499 | D:5      | Entered Level 5 of the Dungeon
  4635 | D:5      | Noticed Sigmund
  4646 | D:5      | Killed Sigmund
  4647 | D:5      | Reached skill level 5 in Conjurations
  4647 | D:5      | Gained mutation: Your magical flight helps you evade
                  | attacks. (EV +4) [Tengu growth]
  4647 | D:5      | Reached XP level 7. HP: 33/36 MP: 1/14
  5092 | D:5      | Noticed a steam dragon
  5094 | D:5      | Killed a steam dragon
  5305 | D:5      | Reached XP level 8. HP: 22/41 MP: 8/15
  5700 | D:6      | HP: 1/41 [something (6)]
  5708 | D:6      | Killed an unseen horror
  5709 | D:6      | Reached skill level 10 in Air Magic
  5916 | D:6      | Found a snail-covered altar of Cheibriados.
  6076 | D:6      | Noticed a wraith
  6186 | D:6      | Killed a wraith
  6361 | D:6      | Reached skill level 1 in Armour
  6466 | D:6      | Reached skill level 1 in Fighting
  6492 | D:6      | Found a hide-covered altar of Uskayaw.
  6494 | D:6      | Found an opulent altar of Gozag.
  6523 | D:6      | Reached XP level 9. HP: 48/48 MP: 3/16
  6678 | D:6      | Identified the ring "Ceonujisk" {rPois rCorr Str-2 Int+3}
  6919 | D:6      | Noticed a kobold demonologist
  7110 | D:6      | HP: 1/44 [wight/+3 long sword (10)]
  7219 | D:6      | Killed a kobold demonologist
  7220 | D:6      | Reached skill level 5 in Dodging
  7960 | D:7      | Reached skill level 5 in Fighting
  8087 | D:7      | Upgraded the game from 0.31-a0-1338-gb567cfd to
                  | 0.31-a0-1354-g0f3f92e
  8486 | D:7      | Reached XP level 10. HP: 60/60 MP: 8/17
  8719 | D:7      | Found Nurghure's Antique Armour Emporium.
  8869 | D:7      | Found Foivarch's Distillery.
  8957 | D:7      | Found Saggug's Antique Armour Shoppe.
  8965 | D:7      | Bought an ichor-stained robe for 136 gold pieces
  8965 | D:7      | Identified the +1 robe of Butt {Harm ^Drain Fly Dex-5} (You
                  | bought it in a shop on level 7 of the Dungeon)
  8991 | D:7      | Found Orrivubi's Jewellery Shop.
  9106 | D:7      | Found a basalt altar of Yredelemnul.
  9358 | D:8      | Found a transporter.
  9630 | D:7      | Reached skill level 5 in Spellcasting
 10245 | D:8      | Found Niuwkari's Tiny Tomes.
 10582 | D:8      | Found a transporter.
 10618 | D:8      | Found an iron altar of Okawaru.
 10779 | D:8      | Found a transporter.
 10836 | D:8      | Found a transporter.
 10904 | D:9      | Found a staircase to the Orcish Mines.
 11223 | D:9      | Noticed a two-headed ogre
 11498 | D:9      | Reached XP level 11. HP: 64/64 MP: 8/21
 11625 | D:9      | Killed a two-headed ogre
 11626 | D:9      | Reached skill level 15 in Air Magic
 12232 | D:9      | Found a staircase to the Lair.
 12367 | D:9      | Noticed Joseph
 12373 | D:9      | Killed Joseph
 12608 | D:9      | Found a sacrificial altar of Ru.
 12609 | D:9      | Found a shadowy altar of Dithmenos.
 12818 | Temple   | Entered the Ecumenical Temple
 12931 | D:6      | Became a worshipper of Gozag Ym Sagoz the Greedy
 13013 | D:10     | Entered Level 10 of the Dungeon
 13132 | D:10     | Noticed Lodul
 13472 | D:10     | Noticed a two-headed ogre
 13475 | D:10     | Noticed Sonja
 13496 | D:10     | Killed a two-headed ogre
 13593 | D:10     | Killed Sonja
 13613 | D:10     | Noticed a two-headed ogre
 13615 | D:10     | Killed a two-headed ogre
 14130 | D:10     | Killed Lodul
 14327 | D:10     | Found a portal to a secret trove of treasure.
 14599 | D:10     | Found a hazy altar of Hepliaklqana.
 14689 | D:10     | Found a burning altar of Makhleb.
 15115 | Lair:1   | Entered Level 1 of the Lair of Beasts
 15122 | Lair:1   | Reached skill level 1 in Fire Magic
 15124 | Lair:1   | Reached XP level 12. HP: 73/73 MP: 6/23
 15836 | Lair:1   | Reached skill level 5 in Fire Magic
 15926 | Lair:1   | Learned a level 5 spell: Fireball
 15961 | Lair:1   | Identified the amulet of Suahucru {RegenMP Dex+4}
 17843 | Lair:2   | Identified a scroll of acquirement
 18188 | Lair:2   | Found a hole to the Spider Nest.
 18260 | Lair:2   | Found a staircase to the Shoals.
 18362 | Lair:2   | Noticed Amaemon
 18903 | Lair:3   | Reached skill level 5 in Armour
 18910 | Lair:3   | Reached XP level 13. HP: 80/80 MP: 3/26
 19914 | Lair:4   | Reached skill level 5 in Stealth
 20011 | Lair:4   | Found a staircase to the Slime Pits.
 20011 | Lair:4   | Found a viscous altar of Jiyva.
 21253 | Lair:2   | Killed Amaemon
 22222 | Lair:4   | Reached skill level 10 in Fighting
 22273 | Lair:5   | Entered Level 5 of the Lair of Beasts
 23203 | Lair:5   | Reached XP level 14. HP: 78/88 MP: 11/27
 23364 | Lair:4   | Bought a book of Lightning for 540 gold pieces
 23371 | Lair:4   | Learned a level 6 spell: Plasma Beam
 23525 | Lair:5   | Acquired 775 gold pieces
 23534 | Lair:5   | Learned a level 5 spell: Arcjolt
 23969 | Orc:1    | Entered Level 1 of the Orcish Mines
 24202 | Orc:1    | Noticed an orc warlord
 24330 | D:9      | Killed an orc warlord
 24724 | Orc:2    | Entered Level 2 of the Orcish Mines
 25375 | Orc:2    | Reached skill level 10 in Conjurations
 25495 | Orc:2    | Found Waov's Distillery.
 25495 | Orc:2    | Found Virulo's Antique Armour Emporium.
 25502 | Orc:2    | Found Weisod's Weapon Emporium.
 25502 | Orc:2    | Found Hastrupt's Magic Scroll Boutique.
 25512 | Orc:2    | Bought a scroll of poison for 56 gold pieces
 25512 | Orc:2    | Bought a scroll of blinking for 105 gold pieces
 25540 | Orc:2    | Found a radiant altar of Vehumet.
 25700 | Orc:2    | Found a staircase to the Elven Halls.
 26013 | Orc:2    | Bought the +2 hood of the Assassin {Detect Stab+ Stlth++}
                  | for 1320 gold pieces
 26013 | Orc:2    | Found the +2 hood of the Assassin {Detect Stab+ Stlth++}
 26096 | D:11     | Noticed Erica
 26096 | D:11     | Noticed Josephine
 26100 | D:11     | Killed Josephine
 26100 | D:11     | Noticed Erolcha
 26480 | D:11     | Noticed Maurice
 26483 | D:11     | Killed Maurice
 27009 | D:11     | Noticed Nergalle
 27014 | D:11     | Killed Nergalle
 27169 | D:11     | Killed Erolcha
 27206 | D:11     | Identified the ring of the Garden {Dex+3 Slay+4}
 27383 | D:11     | Found the +18 shield of the Gong {Loud rN+ Will+ rCorr
                  | EV-5}
 27416 | D:11     | Killed Erica
 27522 | D:11     | Identified the +8 trident of Karma {flame, *Noise rPois
                  | Will- Int+8}
 27559 | D:12     | Noticed Urug
 27668 | D:12     | Reached XP level 15. HP: 84/95 MP: 4/29
 27710 | D:12     | Killed Urug
 27711 | D:12     | Reached skill level 1 in Shields
 27975 | D:12     | Noticed Frances
 27978 | D:12     | Killed Frances
 28988 | D:13     | Reached skill level 10 in Spellcasting
 29295 | D:13     | Reached skill level 5 in Shields
 29577 | D:13     | Found a gate to the Vaults.
 29761 | D:14     | Noticed Kirke
 29765 | D:14     | Killed Kirke
 29896 | D:14     | Noticed Jorgrun
 29899 | D:14     | Killed Jorgrun
 30126 | D:14     | Noticed Raufuge's ghost (journeyman FoFi)
 30889 | D:14     | Found a runed translucent gate.
 30889 | D:14     | Found a runed translucent gate.
 30889 | D:14     | Found a runed translucent gate.
 31005 | D:15     | Entered Level 15 of the Dungeon
 31812 | D:15     | Reached skill level 10 in Shields
 32122 | D:15     | Reached XP level 16. HP: 58/100 MP: 3/31
 32238 | D:15     | Found a staircase to the Depths.
 32432 | D:15     | Found a glowing golden altar of the Shining One.
 32636 | D:14     | Killed Raufuge's ghost
 32767 | D:14     | Bought a pair of runed gloves for 322 gold pieces
 33063 | Shoals:1 | Entered Level 1 of the Shoals
 34053 | Shoals:1 | Found Axtibbaej's Magic Scroll Shop.
 34061 | Shoals:1 | Bought a scroll of blinking for 112 gold pieces
 34349 | Shoals:1 | Noticed a kraken
 34357 | Shoals:1 | Killed a kraken
 34908 | Orc:2    | Bought a bloodstained robe for 125 gold pieces
 34908 | Orc:2    | Identified the +4 robe of the Prince of Darkness {rPois
                  | Dex+2} (You bought it in a shop on level 2 of the Orcish
                  | Mines)
 35574 | Shoals:1 | Acquired 758 gold pieces
 35581 | Shoals:2 | Identified the serpent talisman of Caiteod {rF++ rC+ Int-4}
 35581 | Shoals:2 | Noticed Aizul
 35632 | Shoals:2 | Killed Aizul
 36212 | Shoals:2 | Noticed Roxanne
 36420 | Shoals:2 | Killed Roxanne
 37303 | Shoals:3 | Reached XP level 17. HP: 100/106 MP: 13/32
 37617 | Shoals:3 | Found Gonin's Antique Weapon Emporium.
 37649 | Shoals:3 | Noticed a kraken
 37661 | Shoals:3 | Killed a kraken
 37872 | Shoals:3 | Noticed a kraken
 37880 | Shoals:3 | Killed a kraken
 38172 | Shoals:3 | Noticed a kraken
 38178 | Shoals:3 | Killed a kraken
 38359 | Shoals:4 | Entered Level 4 of the Shoals
 39592 | Shoals:4 | Got the Handbook of Unstable Phantasms
 39829 | Shoals:4 | Learned a level 8 spell: Maxwell's Capacitive Coupling
 40384 | Shoals:4 | Got a barnacled rune of Zot
 40591 | Spider:1 | Entered Level 1 of the Spider Nest
 42602 | Spider:2 | Found a runed translucent door.
 42621 | Spider:2 | Reached XP level 18. HP: 112/112 MP: 25/37
 42982 | Spider:2 | Noticed Siefol's ghost (adept HOMo)
 44176 | Spider:3 | Reached skill level 15 in Spellcasting
 44256 | Spider:2 | Bought the ring of Creativity {rPois rN+ Int+6 Dex+3} for
                  | 923 gold pieces
 44259 | Spider:2 | Bought a ring of see invisible for 240 gold pieces
 44426 | Spider:3 | Upgraded the game from 0.31-a0-1354-g0f3f92e to
                  | 0.31-a0-1370-gf52a5a9
 45375 | Spider:4 | Entered Level 4 of the Spider Nest
 47973 | Spider:4 | Got a gossamer rune of Zot
 48336 | Elf:1    | Entered Level 1 of the Elven Halls
 49012 | Elf:1    | Reached XP level 19. HP: 116/116 MP: 30/41
 49119 | Elf:1    | Found a huge runed translucent gate.
 49120 | Elf:1    | Found a huge runed translucent gate.
 49121 | Elf:1    | Found a huge runed translucent gate.
 49122 | Elf:1    | Found a huge runed translucent gate.
 49123 | Elf:1    | Found a huge runed translucent gate.
 49123 | Elf:1    | Found a huge runed translucent gate.
 49123 | Elf:1    | Found a huge runed translucent gate.
 49123 | Elf:1    | Found a huge runed translucent gate.
 49123 | Elf:1    | Found a huge runed translucent gate.
 49123 | Elf:1    | Found a huge runed translucent gate.
 49123 | Elf:1    | Found a huge runed translucent gate.
 49124 | Elf:1    | Found a huge runed translucent gate.
 49124 | Elf:1    | Found a huge runed translucent gate.
 49124 | Elf:1    | Found a huge runed translucent gate.
 49124 | Elf:1    | Found a huge runed translucent gate.
 49124 | Elf:1    | Found a huge runed translucent gate.
 49124 | Elf:1    | Found a huge runed translucent gate.
 49124 | Elf:1    | Found a huge runed translucent gate.
 49124 | Elf:1    | Found a huge runed translucent gate.
 49124 | Elf:1    | Found a huge runed translucent gate.
 49583 | Elf:1    | Found Qappy's Antique Weapon Shop.
 49587 | Elf:1    | Found Zilorr's Antique Armour Boutique.
 49588 | Elf:1    | Found Haijuseb's Antique Weapon Shop.
 50161 | Elf:2    | Paralysed by an air elemental for 1 turns
 50249 | Elf:2    | Paralysed by an air elemental for 1 turns
 50519 | Elf:2    | Found Eceuc's Distillery.
 50789 | Elf:2    | Found a runed translucent door.
 50791 | Elf:2    | Noticed Kave's ghost (adept TrSh)
 50802 | Elf:2    | Killed Kave's ghost
 51030 | Elf:2    | Found an ancient bone altar of Kikubaaqudgha.
 51213 | Elf:2    | Found a runed translucent gate.
 51214 | Elf:2    | Found a runed translucent gate.
 51214 | Elf:2    | Found a runed translucent gate.
 51357 | Elf:3    | Entered Level 3 of the Elven Halls
 51456 | Elf:3    | Found a transporter.
 51474 | Elf:3    | Found a transporter.
 51492 | Elf:3    | Noticed Cuis's ghost (adept VSBr)
 51686 | Elf:3    | Found a one-way gate to the infinite horrors of the Abyss.
 51967 | Elf:3    | Paralysed by an air elemental for 1 turns
 52060 | Elf:3    | Paralysed by an air elemental for 1 turns
 52262 | Elf:3    | Found Geaj Govaess's Assorted Antiques.
 52405 | Elf:3    | Identified the +2 chain mail of Yredelemnul's Pride {Fly
                  | rPois rC- Dex+3}
 52458 | Elf:3    | Identified the +1 battleaxe "Ihif" {protect, Int+4}
 52463 | Elf:3    | Identified the +2 long sword "Losoroun" {flame, rElec
                  | Str+3}
 52475 | Elf:3    | Identified the +5 scimitar of Doesa {flame, rC+ Will+
                  | Dex-5}
 52477 | Elf:3    | Reached skill level 10 in Dodging
 52486 | Abyss:3  | Cast into level 3 of the Abyss (a deep elf demonologist)
 52588 | Abyss:3  | Learned a level 7 spell: Orb of Destruction
 52689 | Abyss:3  | Noticed a tentacled monstrosity
 52818 | Abyss:3  | Killed a tentacled monstrosity
 52889 | Elf:3    | Escaped the Abyss
 53338 | Elf:3    | Identified the ring "Gaanwy" {+Blink rC+ rN+}
 53404 | Elf:3    | Identified the staff "Kaid" {rF+ Fire Earth}
 53795 | Elf:3    | Reached XP level 20. HP: 121/127 MP: 14/42
 53895 | Elf:3    | Got Cigy's Meditations on Overcast Battle Magic
 53906 | Elf:3    | Identified the scarf of Ceta {harm, Fly rF- Int+8 Dex+5
                  | Stlth-}
 53914 | Elf:3    | Got the Handbook of Injury and the Rocks
 53931 | Elf:3    | Got the Collected Works on the Fifth Circle
 54187 | Elf:3    | Learned a level 9 spell: Chain Lightning
 54289 | Elf:3    | Gained mutation: You do not regenerate when monsters are
                  | visible. [a cacodemon]
 54335 | Elf:3    | Killed Cuis's ghost
 54487 | Elf:3    | Acquired 817 gold pieces
 54497 | Elf:3    | Lost mutation: You do not regenerate when monsters are
                  | visible. [potion of mutation]
 54497 | Elf:3    | Gained mutation: You are partially covered in iridescent
                  | scales. (AC +2) [potion of mutation]
 54723 | Vaults:1 | Entered Level 1 of the Vaults
 54967 | Vaults:1 | Reached skill level 15 in Conjurations
 55128 | Vaults:1 | Found a flickering gateway to a bazaar.
 55204 | Bazaar   | Entered a bazaar
 55204 | Bazaar   | Found Duleoc's Assorted Antiques.
 55204 | Bazaar   | Found Agosio's Jewellery Emporium.
 55206 | Bazaar   | Found Wofraefe's Armour Emporium.
 55220 | Bazaar   | Found Qoduar's Weapon Shoppe.
 55232 | Bazaar   | Bought a potion of brilliance for 144 gold pieces
 58399 | Vaults:2 | Found a staircase to the Crypt.
 58787 | Vaults:3 | Reached XP level 21. HP: 132/132 MP: 28/43
 60363 | Vaults:3 | Noticed Margery
 60376 | Vaults:3 | Killed Margery
 60402 | Vaults:3 | Found Zemoyt Cotre's Weapon Shop.
 62275 | Vaults:4 | Reached XP level 22. HP: 137/137 MP: 4/44
 62414 | Vaults:4 | Reached skill level 27 in Air Magic
 62887 | Vaults:4 | Found Ilint's Magic Scroll Boutique.
 64082 | Vaults:5 | Entered Level 5 of the Vaults
 64085 | Vaults:5 | Reached skill level 15 in Fighting
 64346 | Vaults:5 | Noticed an ancient lich
 64361 | Vaults:5 | Killed an ancient lich
 64710 | Vaults:5 | Identified the ring of Orthodoxy {Fly rC+ Int+4 Dex-4}
 64713 | Vaults:5 | Reached XP level 23. HP: 106/144 MP: 18/45
 64746 | Vaults:5 | Identified the staff "Ruintozu" {rElec Int+4 Stlth+ Air}
 64758 | Vaults:5 | Identified the ring of Xudghioveb {rF+ Will++ MP+9 Dex+3
                  | Slay-2}
 65053 | Vaults:5 | Got Burris's Hermeneutics and You
 65068 | Vaults:5 | Identified the +2 robe of the Old and Reckless {Regen+
                  | Int+2 Slay+2}
 65294 | Vaults:5 | Identified the +8 chain mail "Giuffikh" {Harm Str-3 Stlth+}
 65946 | Vaults:5 | Got the Elucidation of the Asp
 65957 | Vaults:5 | Got the Precepts of Creeping Ignition
 66024 | Vaults:5 | Identified the +0 chain mail of Zin's Grace {+Blink MP-9
                  | Int-2 Slay+5}
 66203 | Vaults:5 | Got a silver rune of Zot
 66419 | Vaults:5 | Identified the +4 spear of Proximity {spect, ^Drain *Slow
                  | Will++ Int+3}
 66470 | Vaults:5 | Identified the +3 flail "Dragon's Tongue" {spect, Stlth+}
 66611 | Vaults:5 | Bought a scroll of fog for 116 gold pieces
 67021 | Slime:1  | Entered Level 1 of the Pits of Slime
 68548 | Slime:2  | Noticed Dissolution
 68553 | Slime:2  | Killed Dissolution
 68554 | Slime:2  | Reached skill level 27 in Conjurations
 70029 | Slime:5  | Entered Level 5 of the Pits of Slime
 70472 | Slime:3  | Reached skill level 10 in Armour
 71074 | Slime:5  | Noticed the Royal Jelly
 71452 | Slime:5  | Reached XP level 24. HP: 147/150 MP: 17/45
 71735 | Slime:4  | Upgraded the game from 0.31-a0-1370-gf52a5a9 to
                  | 0.31-a0-1373-g589f70c
 71903 | Slime:5  | Killed the Royal Jelly
 72146 | Slime:5  | Identified the +5 orcbow of Veorr {heavy, Dex+2 Stlth+}
 72186 | Slime:5  | Identified the +3 scale mail "Ackauxt" {^Contam Fly Regen+}
 72207 | Slime:5  | Got a slimy rune of Zot
 72772 | Crypt:1  | Entered Level 1 of the Crypt
 72806 | Crypt:1  | Noticed Bai Suzhen
 72814 | Crypt:1  | Killed Bai Suzhen
 73255 | Crypt:1  | Noticed Xtahua
 73259 | Crypt:1  | Killed Xtahua
 74156 | Crypt:2  | Noticed Zenata
 74161 | Crypt:2  | Killed Zenata
 74226 | Crypt:2  | Reached skill level 15 in Armour
 75338 | Crypt:3  | Entered Level 3 of the Crypt
 75588 | Crypt:3  | Noticed Grunn
 75590 | Crypt:3  | Killed Grunn
 75780 | Crypt:3  | Found an ancient bone altar of Kikubaaqudgha.
 76156 | Crypt:3  | Noticed Vv
 76162 | Crypt:3  | Killed Vv
 77030 | Crypt:3  | Noticed Jory
 77035 | Crypt:3  | Killed Jory
 77058 | Crypt:3  | Found a staircase to the Tomb.
 77094 | Crypt:3  | Identified the +9 plate armour of Lamnups {Str+2}
 77135 | Crypt:3  | Found the +13 scythe of Curses {drain, curses, ^Drain}
 77204 | Crypt:3  | Reached XP level 25. HP: 156/157 MP: 4/45
 77825 | Crypt:3  | Identified the +0 war axe of Arrival {antimagic, rElec rN+}
 77825 | Crypt:3  | Identified the amulet "Omyxygot" {Acrobat rF+++ Will+ Dex-5
                  | Stlth+}
 78293 | Depths:1 | Entered Level 1 of the Depths
 78880 | Depths:1 | Identified the +3 chain mail of Sin {rF+ Will- Stlth+}
 79149 | Depths:1 | Found a gateway to Hell.
 79767 | Depths:2 | Reached skill level 15 in Shields
 80817 | Depths:2 | Noticed a juggernaut
 80819 | Depths:2 | Killed a juggernaut
 81757 | Depths:2 | Found a one-way gate leading to the halls of Pandemonium.
 82108 | Depths:2 | Found a one-way gateway to a ziggurat.
 83148 | Depths:3 | Reached XP level 26. HP: 168/168 MP: 39/47
 83423 | Depths:3 | Found a sparkling altar of Nemelex Xobeh.
 84001 | Depths:4 | Entered Level 4 of the Depths
 84973 | Depths:4 | Found a gate to the Realm of Zot.
 84991 | Depths:4 | Found Ritibb's Antique Armour Boutique.
 84991 | Depths:4 | Found Garph's Jewellery Shop.
 85552 | Depths:4 | Bought a pair of distressingly furry gloves for 380 gold
                  | pieces
 85552 | Depths:4 | Identified the +1 pair of gloves of Mutualism {rCorr} (You
                  | bought it in a shop on level 4 of the Depths)
 85555 | Depths:4 | Bought a scroll of teleportation for 96 gold pieces
 85590 | Depths:3 | Voluntarily entered the Abyss.
 85662 | Abyss:3  | Learned a level 6 spell: Starburst
 85665 | Abyss:3  | Learned a level 2 spell: Sublimation of Blood
 86041 | Depths:3 | Escaped the Abyss
 86126 | Depths:3 | Voluntarily entered the Abyss.
 86484 | Depths:3 | Escaped the Abyss
 86758 | Depths:3 | Voluntarily entered the Abyss.
 86794 | Abyss:4  | Noticed a dread lich
 86808 | Abyss:4  | Killed a dread lich
 86994 | Abyss:4  | Identified the +8 tower shield of Divine Joy {Str+5 Slay+3
                  | Stlth+}
 87011 | Depths:3 | Escaped the Abyss
 87166 | Depths:3 | Voluntarily entered the Abyss.
 87299 | Abyss:4  | Reached XP level 27. HP: 180/180 MP: 23/48
 87475 | Abyss:4  | Gained mutation: You are vulnerable to heat. (rF-) [a
                  | neqoxec]
 87491 | Depths:3 | Escaped the Abyss
 87626 | Depths:3 | Lost mutation: You are vulnerable to heat. (rF-) [potion of
                  | mutation]
 87626 | Depths:3 | Lost mutation: You are partially covered in iridescent
                  | scales. (AC +2) [potion of mutation]
 87626 | Depths:3 | Gained mutation: Your muscles are strong. (Str +4, Int/Dex
                  | -1) [potion of mutation]
 87626 | Depths:3 | Gained mutation: Your spells are a little easier to cast,
                  | but a little less powerful. [potion of mutation]
 87626 | Depths:3 | Gained mutation: You occasionally lose the ability to read
                  | scrolls when taking damage. [potion of mutation]
 87626 | Depths:3 | Gained mutation: You are somewhat resistant to further
                  | mutation. [potion of mutation]
 87627 | Depths:3 | Lost mutation: Your spells are a little easier to cast, but
                  | a little less powerful. [potion of mutation]
 87627 | Depths:3 | Lost mutation: You are somewhat resistant to further
                  | mutation. [potion of mutation]
 87627 | Depths:3 | Gained mutation: You are clumsy. (Dex -2) [potion of
                  | mutation]
 87628 | Depths:3 | Lost mutation: You are clumsy. (Dex -2) [potion of
                  | mutation]
 87628 | Depths:3 | Lost mutation: You occasionally lose the ability to read
                  | scrolls when taking damage. [potion of mutation]
 87628 | Depths:3 | Gained mutation: You occasionally shout uncontrollably at
                  | your foes. [potion of mutation]
 87628 | Depths:3 | Gained mutation: You are frail. (-10% HP) [potion of
                  | mutation]
 87628 | Depths:3 | Gained mutation: Your spells are a little harder to cast,
                  | but a little more powerful. [potion of mutation]
 87629 | Depths:3 | Lost mutation: Your spells are a little harder to cast, but
                  | a little more powerful. [potion of mutation]
 87629 | Depths:3 | Lost mutation: You occasionally shout uncontrollably at
                  | your foes. [potion of mutation]
 87629 | Depths:3 | Lost mutation: You are frail. (-10% HP) [potion of
                  | mutation]
 87629 | Depths:3 | Gained mutation: You have an increased reservoir of magic.
                  | (+10% MP) [potion of mutation]
 87645 | Depths:3 | Voluntarily entered the Abyss.
 87764 | Abyss:4  | Noticed a dread lich
 87769 | Abyss:4  | Killed a dread lich
 87848 | Abyss:4  | Paralysed by you for 1 turns
 87891 | Depths:3 | Escaped the Abyss
 87959 | Depths:3 | Voluntarily entered the Abyss.
 87961 | Abyss:4  | Found a corrupted altar of Lugonu.
 88050 | Abyss:4  | Got an abyssal rune of Zot
 88154 | Depths:3 | Escaped the Abyss
 88451 | D:10     | You showed the abyssal rune of Zot to enter a treasure
                  | trove
 88452 | Trove    | Entered a treasure trove
 88488 | Trove    | Found the +9 staff of Olgreb {rPois∞}
 88498 | Trove    | Got Sif Muna's Volume of Gathered Impurities
 88510 | Trove    | Got Sif Muna's Writings on Location and Enchantment
 89243 | Zot:1    | Entered Level 1 of the Realm of Zot
 89272 | Zot:1    | Noticed Egutz's ghost (master TrFi)
 89345 | Zot:1    | Noticed an orb of fire
 89553 | Zot:1    | Found a transporter.
 89557 | Zot:1    | Found a transporter.
 89579 | Zot:1    | Noticed a dread lich
 89913 | Zot:1    | Gained mutation: You are vulnerable to cold. (rC-) [an orb
                  | of fire]
 89915 | Zot:1    | Lost mutation: Your muscles are strong. (Str +4, Int/Dex
                  | -1) [an orb of fire]
 89916 | Zot:1    | Killed an orb of fire
 91320 | Zot:2    | Reached skill level 10 in Fire Magic
 93891 | Zot:3    | Identified the orb "Lux Jecibe" {light, Summ}
 94089 | Zot:3    | Lost mutation: You are vulnerable to cold. (rC-) [potion of
                  | mutation]
 94089 | Zot:3    | Lost mutation: You have an increased reservoir of magic.
                  | (+10% MP) [potion of mutation]
 94089 | Zot:3    | Gained mutation: You are agile. (Dex +4, Str/Int -1)
                  | [potion of mutation]
 94089 | Zot:3    | Gained mutation: You do not regenerate when monsters are
                  | visible. [potion of mutation]
 94090 | Zot:3    | Lost mutation: You are agile. (Dex +4, Str/Int -1) [potion
                  | of mutation]
 94090 | Zot:3    | Lost mutation: You do not regenerate when monsters are
                  | visible. [potion of mutation]
 94090 | Zot:3    | Gained mutation: Your mind is acute. (Int +4, Str/Dex -1)
                  | [potion of mutation]
 94090 | Zot:3    | Gained mutation: Your flesh is cold resistant. (rC+)
                  | [potion of mutation]
 94090 | Zot:3    | Gained mutation: Your muscles are strong. (Str +4, Int/Dex
                  | -1) [potion of mutation]
 94346 | Zot:4    | Reached skill level 15 in Fire Magic
 94979 | Zot:4    | Got the Discourse on Immolation
 95236 | Zot:4    | Learned a level 9 spell: Fire Storm
 95725 | Zot:5    | Entered Level 5 of the Realm of Zot
 96030 | Zot:5    | Identified the +3 leather armour of Lies {rC- rCorr Dex-3
                  | SInv}
 96225 | Zot:4    | Upgraded the game from 0.31-a0-1373-g589f70c to
                  | 0.31-a0-1388-g4b2ba23
 96401 | Zig:1    | Entered Level 1 of a ziggurat
 96425 | Zig:2    | Entered Level 2 of a ziggurat
 96427 | Zig:2    | Reached skill level 1 in Necromancy
 96427 | Zig:2    | Reached skill level 1 in Earth Magic
 96472 | Zig:3    | Entered Level 3 of a ziggurat
 96528 | Zig:3    | Learned a level 2 spell: Blink
 96533 | Zig:3    | Learned a level 4 spell: Vhi's Electric Charge
 96543 | Zig:3    | Learned a level 8 spell: Ignition
 96546 | Zig:4    | Entered Level 4 of a ziggurat
 96600 | Zig:5    | Entered Level 5 of a ziggurat
 96717 | Zig:6    | Entered Level 6 of a ziggurat
 96794 | Zig:7    | Entered Level 7 of a ziggurat
 96832 | Zig:7    | Identified the blade talisman "Ohanamug" {Str-3 Dex+2 SInv}
 96861 | Zig:8    | Entered Level 8 of a ziggurat
 96870 | Zig:8    | Reached skill level 5 in Earth Magic
 96917 | Zig:8    | Identified the +0 leather armour "Nickinto" {rElec rC++
                  | Str-3 Stlth+}
 96935 | Zig:9    | Entered Level 9 of a ziggurat
 96998 | Zig:9    | Identified the +0 chain mail "Aggimiol" {Rampage rC- rCorr
                  | SInv}
 97005 | Zig:9    | Got the Precepts of Viperous Direction
 97031 | Zig:10   | Entered Level 10 of a ziggurat
 97169 | Zig:10   | Identified the staff of Action {rN+ Stlth+ Necro}
 97171 | Zig:10   | Got the Dissertation on Destructive Adjuration
 97209 | Zig:11   | Entered Level 11 of a ziggurat
 97226 | Zig:11   | Reached skill level 5 in Necromancy
 97306 | Zig:11   | Identified the +7 ring mail of Experimentation {Fly}
 97375 | Zig:12   | Entered Level 12 of a ziggurat
 97580 | Zig:12   | Identified the +5 glaive of Caekomof {pain, Str+4}
 97581 | Zig:12   | Identified the +5 scimitar "Ynod" {spect, Dex+4}
 97626 | Zig:12   | Acquired the +2 pair of gloves of Adovoras {Int+4}
 97639 | Zig:12   | Acquired 375 gold pieces
 97640 | Zig:12   | Acquired the ring "Inoesh" {Fire rPois rN+ Str+2 Int+4
                  | Dex+4}
 97654 | Zig:13   | Entered Level 13 of a ziggurat
 97736 | Zig:13   | Got Vehumet's Vellum of Damage
 97737 | Zig:13   | Identified the +2 plate armour of Qevaum {Rampage}
 97749 | Zig:13   | Identified the ring of Abro {Fire Will+ Str+2}
 97754 | Zig:13   | Identified the +7 orcbow of Subterfuge {flame, Str+4}
 97808 | Zig:14   | Entered Level 14 of a ziggurat
 97893 | Zig:14   | Identified the +0 cloak of Loetom {rN+ Regen+}
 97896 | Zig:14   | Got the Precepts of the Ground and Frostbite
 97906 | Zig:14   | Identified the +8 spear of Malum Prohibitum {flame, Will+
                  | MP+9}
 97908 | Zig:14   | Got the Volume of Hiemal Ill Luck
 97998 | Zig:15   | Entered Level 15 of a ziggurat
 98008 | Zig:15   | Noticed Leqixziq the pandemonium lord
 98014 | Zig:15   | Killed Leqixziq the pandemonium lord
 98036 | Zig:15   | Reached skill level 10 in Earth Magic
 98187 | Zig:15   | Identified the +4 chain mail "Byhaicaz" {Harm rElec}
 98191 | Zig:15   | Identified the ring "Ruyry" {rC+ EV+5}
 98193 | Zig:15   | Identified the staff "Beatuq" {^Drain rC+ Int+4 Necro Ice}
 98197 | Zig:15   | Identified the ring of Jesoeta {^Drain rC++ Will++ AC+4}
 98217 | Zig:16   | Entered Level 16 of a ziggurat
 98450 | Zig:16   | Identified the staff "Ninafigurr" {rElec rC+ Int+3 Air}
 98455 | Zig:16   | Identified the +4 ring mail of Sudgh {rPois rF+ rC+ Dex-3}
 98460 | Zig:16   | Identified the ring of Midnight {rN+ EV+5}
 98465 | Zig:16   | Identified the amulet of the Sky {Reflect Will+ rCorr Int+2
                  | SH+5}
 98487 | Zig:17   | Entered Level 17 of a ziggurat
 98496 | Zig:17   | Noticed an ancient lich
 98500 | Zig:17   | Killed an ancient lich
 98521 | Zig:17   | Noticed an ancient lich
 98523 | Zig:17   | Killed an ancient lich
 98714 | Zig:17   | Identified the +10 falchion of the Median {flame, rN+ MP+9
                  | Int-2}
 98715 | Zig:17   | Identified the +0 ring mail of Peacrarr {Will+}
 98744 | Zig:17   | Identified the ring "Dunnyfuz" {*Slow rF+ rCorr Str+5
                  | Stlth+}
 98745 | Zig:17   | Identified the ring of Kehyrgh {rPois Dex+3 SInv}
 98772 | Zig:18   | Entered Level 18 of a ziggurat
 98802 | Zig:18   | Found the +8 demon trident "Rift" {distort, reach+}
 98808 | Zig:18   | Reached skill level 10 in Necromancy
 99023 | Zig:18   | Noticed a dread lich
 99215 | Zig:18   | Killed a dread lich
 99250 | Zig:18   | Identified the +9 battleaxe "Letharuw" {freeze, rPois rC+}
 99251 | Zig:18   | Identified the ring "Woapt" {Str+3 Int+2 Dex+6 Stlth+}
 99259 | Zig:18   | Identified the +0 plate armour of the Ego {+Inv rN+ rCorr}
 99262 | Zig:18   | Identified the ring "Goefrup" {Fire rPois Dex+3}
 99359 | Zig:18   | Learned a level 8 spell: Lehudib's Crystal Spear
 99361 | Zig:19   | Entered Level 19 of a ziggurat
 99379 | Zig:19   | Noticed Efet Ygi the pandemonium lord
 99379 | Zig:19   | Noticed Niklida the pandemonium lord
 99380 | Zig:19   | Noticed Taush the pandemonium lord
 99380 | Zig:19   | Noticed Aruesuost the pandemonium lord
 99388 | Zig:19   | Killed Efet Ygi the pandemonium lord
 99393 | Zig:19   | Killed Taush the pandemonium lord
 99393 | Zig:19   | Noticed Wiupramp the pandemonium lord
 99394 | Zig:19   | Killed Jilobixeli the pandemonium lord
 99394 | Zig:19   | Killed Wiupramp the pandemonium lord
 99397 | Zig:19   | Noticed Qygag the pandemonium lord
 99398 | Zig:19   | Noticed Lamepeq the pandemonium lord
 99400 | Zig:19   | Killed Aruesuost the pandemonium lord
 99401 | Zig:19   | Killed Niklida the pandemonium lord
 99401 | Zig:19   | Killed Qygag the pandemonium lord
 99401 | Zig:19   | Killed Lamepeq the pandemonium lord
 99401 | Zig:19   | Noticed Zumnocae the pandemonium lord
 99401 | Zig:19   | Noticed Haqi the pandemonium lord
 99405 | Zig:19   | Killed Haqi the pandemonium lord
 99406 | Zig:19   | Killed Zumnocae the pandemonium lord
 99665 | Zig:19   | Got the Catalogue of the Pyromaniac
 99670 | Zig:19   | Identified the ring "Gitom" {Ice rN+ Dex+3}
 99671 | Zig:19   | Identified the +3 battleaxe "Huikux" {vamp, rC++}
 99681 | Zig:19   | Identified the ring of the Invisible Seers {Wiz rC+}
 99752 | Zig:20   | Entered Level 20 of a ziggurat
 99770 | Zig:20   | Noticed a royal mummy
 99770 | Zig:20   | Noticed a royal mummy
 99770 | Zig:20   | Noticed a royal mummy
 99771 | Zig:20   | Noticed a royal mummy
 99776 | Zig:20   | Killed a royal mummy
 99777 | Zig:20   | Killed a royal mummy
 99777 | Zig:20   | Killed a royal mummy
 99777 | Zig:20   | Killed a royal mummy
 99777 | Zig:20   | Noticed a royal mummy
 99780 | Zig:20   | Noticed a royal mummy
 99782 | Zig:20   | Noticed a royal mummy
 99782 | Zig:20   | Noticed a royal mummy
 99783 | Zig:20   | Killed a royal mummy
 99783 | Zig:20   | Killed a royal mummy
 99785 | Zig:20   | Killed a royal mummy
 99785 | Zig:20   | Killed a royal mummy
 99785 | Zig:20   | Noticed a royal mummy
 99789 | Zig:20   | Killed a royal mummy
 99994 | Zig:20   | Identified the +0 flail of Demonkind {heavy, rPois rC+
                  | Int+2}
 99996 | Zig:20   | Identified the ring of Engoof {Wiz rPois}
100025 | Zig:20   | Identified the ring "Siqow" {Will- AC+4 Int+5}
100038 | Zig:20   | Identified the +5 battleaxe of Evolution {venom, Will+}
100039 | Zig:20   | Identified the +3 quick blade of the Thing {protect,
                  | +Blink}
100121 | Zig:21   | Entered Level 21 of a ziggurat
100210 | Zig:21   | Reached skill level 15 in Necromancy
100530 | Zig:21   | Found the amulet of Vitality {RegenMP++ Regen++}
100535 | Zig:21   | Identified the +6 battleaxe of Uphifik {elec, rC+}
100536 | Zig:21   | Identified the staff of the Trees {rElec rN+ Necro}
100578 | Zig:21   | Identified the ring "Sossat" {rElec Will+ Str+2 Dex+6}
100616 | Zig:21   | Identified the +10 orcbow of Xoal {elec, Will+ Stlth+}
100676 | Zig:22   | Entered Level 22 of a ziggurat
100718 | Zig:22   | Paralysed by a wendigo for 1 turns
100726 | Zig:22   | Paralysed by a wendigo for 1 turns
100906 | Zig:22   | Found the +3 Elemental Staff {ele, rElec rF+ rC+ AC+3}
100939 | Zig:22   | Identified the +2 chain mail of Leaves {rPois Str+3}
100943 | Zig:22   | Identified the +3 robe of Happiness {rC+ Int+3 Dex+4 SInv}
101053 | Zig:23   | Entered Level 23 of a ziggurat
101076 | Zig:23   | Noticed a dread lich
101077 | Zig:23   | Noticed an ancient lich
101077 | Zig:23   | Noticed an ancient lich
101077 | Zig:23   | Noticed a dread lich
101078 | Zig:23   | Killed a dread lich
101079 | Zig:23   | Killed a dread lich
101079 | Zig:23   | Noticed an ancient lich
101079 | Zig:23   | Noticed an ancient lich
101081 | Zig:23   | Killed an ancient lich
101081 | Zig:23   | Killed an ancient lich
101082 | Zig:23   | Killed an ancient lich
101082 | Zig:23   | Killed an ancient lich
101235 | Zig:23   | Identified the ring "Mygas" {rN+ Will+ SInv}
101245 | Zig:23   | Identified the +3 short sword of Uwodghig {venom, Str+3
                  | Int+2 Dex+6}
101335 | Zig:24   | Entered Level 24 of a ziggurat
101479 | Zig:24   | Found the +2 pair of slick slippers {slick, slippery, EV+4}
101518 | Zig:24   | Identified the staff of Egeaw {rElec rPois Str+4 Dex-2
                  | Necro Air}
101529 | Zig:24   | Identified the amulet of Caymeokk {Reflect rF+ rC++ rN+
                  | Slay-2 SH+5}
101530 | Zig:24   | Identified the staff of Amorality {rF+ MP-9 Dex+3 SInv
                  | Earth}
101534 | Zig:24   | Identified the +12 flail "Trog's Outrage" {holy, rElec
                  | rCorr Int+4}
101536 | Zig:24   | Identified the +10 flail of Qioshik {freeze, Int+3}
101540 | Zig:24   | Identified the +3 plate armour of the Okapi {rC++ rN++}
101543 | Zig:24   | Identified the +7 falchion of the Arena {spect, Str+4
                  | Dex+4}
101672 | Zig:25   | Entered Level 25 of a ziggurat
101957 | Zig:25   | Identified the +6 flail "Dampoerr" {vamp, rPois}
101972 | Zig:25   | Identified the ring "Cicwism Kaah" {Wiz rC+ rCorr}
101976 | Zig:25   | Identified the +6 chain mail of Negation {rElec Will+
                  | Int-5}
102071 | Zig:26   | Entered Level 26 of a ziggurat
102282 | Zig:26   | Found the ring of Shadows {Umbra +Inv Stlth+}
102283 | Zig:26   | Found the +2 cloak of the Thief {*Fog Slay-2 SInv Stlth+}
102287 | Zig:26   | Identified the +0 scale mail of Vermicelli {Harm *Slow
                  | Int+3 Dex+2}
102288 | Zig:26   | Identified the +4 shortbow "Ilocucyk" {drain, Will+}
102292 | Zig:26   | Identified the staff "Wepesuck" {rC+ Dex+4 Ice}
102295 | Zig:26   | Identified the +6 short sword of Mens Rea {protect, rF-
                  | Int+5}
102298 | Zig:26   | Identified the ring "Innol" {rC- Will+ MP+9 Dex+3 SInv}
102301 | Zig:26   | Identified the ring of Idealism {rCorr MP+9}
102302 | Zig:26   | Identified the +10 longbow of Sunlight {heavy, Will+ Dex+3
                  | Stlth+}
102305 | Zig:26   | Got the Incunabulum of the Topological Mob
102317 | Zig:26   | Identified the amulet of the Clam {Spirit rC+ MP+9 Int+4
                  | Dex-3}
102349 | Zig:27   | Entered Level 27 of a ziggurat
102359 | Zig:27   | Noticed a juggernaut
102373 | Zig:27   | Killed a juggernaut
102395 | Zig:27   | Noticed a juggernaut
102396 | Zig:27   | Noticed a juggernaut
102397 | Zig:27   | Killed a juggernaut
102397 | Zig:27   | Noticed a juggernaut
102398 | Zig:27   | Noticed a juggernaut
102398 | Zig:27   | Killed a juggernaut
102400 | Zig:27   | Noticed a juggernaut
102401 | Zig:27   | Killed a juggernaut
102401 | Zig:27   | Killed a juggernaut
102403 | Zig:27   | Killed a juggernaut
102643 | Zig:27   | Identified the ring of Xaveoh {rElec rPois rF- rN++ MP+9}
102649 | Zig:27   | Identified the ring of Law {rPois Int-2 Dex+2 Slay+6 SInv}
102657 | Zig:27   | Identified the +0 chain mail "Uruf Bob" {rPois rN++ Will-
                  | rCorr}
102676 | Zig:27   | Identified the staff of Qutwih {rN+ rCorr Str+3 Int-3 Necro
                  | Alchemy}
102680 | Zig:27   | Identified the +4 spear of a treasure trove {flame, rC++}
102681 | Zig:27   | Identified the ring "Acop" {rC+ Str-4 Int+4 Dex+6 Stlth+}
102818 | Pan      | Entered Pandemonium
102833 | Pan      | Noticed Diuthruti the pandemonium lord
102844 | Pan      | Killed Diuthruti the pandemonium lord
102866 | Pan      | Lost mutation: Your muscles are strong. (Str +4, Int/Dex
                  | -1) [a cacodemon]
103061 | Pan      | Got a demonic rune of Zot
103385 | Pan      | Noticed Laditt the pandemonium lord
103395 | Pan      | Killed Laditt the pandemonium lord
104046 | Pan      | Gained mutation: You have hidden genetic defects. [a
                  | neqoxec]
104064 | Pan      | Gained mutation: You have terrible hidden genetic defects.
                  | [a cacodemon]
104301 | Pan      | Noticed Asuaschegg the pandemonium lord
104316 | Pan      | Killed Asuaschegg the pandemonium lord
104394 | Pan      | Found a runed translucent door.
104400 | Pan      | Found a runed translucent door.
104482 | Pan      | Found a runed translucent door.
104493 | Pan      | Found a runed translucent door.
104630 | Pan      | Lost mutation: Your mind is acute. (Int +4, Str/Dex -1)
                  | [hidden defects]
105486 | Pan      | Reached skill level 27 in Spellcasting
105509 | Pan      | Noticed Byiculir the pandemonium lord
105513 | Pan      | Killed Byiculir the pandemonium lord
105835 | Pan      | Gained mutation: Your body sometimes deteriorates upon
                  | taking damage. [hidden defects]
105835 | Pan      | Lost mutation: You have terrible hidden genetic defects.
                  | [hidden defects expressed]
106367 | Pan      | Entered the realm of Mnoleg.
106368 | Pan      | Noticed Mnoleg
106383 | Pan      | Killed Mnoleg
106421 | Pan      | Gained mutation: Your body often deteriorates upon taking
                  | damage. [a neqoxec]
106490 | Pan      | Gained mutation: You are dopey. (Int -2) [hidden defects]
106499 | Pan      | Gained mutation: Armour fits poorly on your strangely
                  | shaped body. [a neqoxec]
106503 | Pan      | Gained mutation: You are occasionally teleported next to
                  | monsters. [a cacodemon]
106784 | Pan      | Identified the +8 orcbow "Xauj" {freeze, rPois rN+}
106822 | Pan      | Got a glowing rune of Zot
106865 | Pan      | Identified the ring "Qecifaj" {rElec rF- rN+++ AC+4 Slay-3}
107278 | Pan      | Lost mutation: You have hidden genetic defects. [potion of
                  | mutation]
107278 | Pan      | Lost mutation: Your body often deteriorates upon taking
                  | damage. [potion of mutation]
107278 | Pan      | Gained mutation: You have hidden genetic potential. [potion
                  | of mutation]
107278 | Pan      | Lost mutation: You are dopey. (Int -2) [potion of mutation]
107278 | Pan      | Gained mutation: You are agile. (Dex +4, Str/Int -1)
                  | [potion of mutation]
107279 | Pan      | Lost mutation: You are agile. (Dex +4, Str/Int -1) [potion
                  | of mutation]
107279 | Pan      | Lost mutation: Armour fits poorly on your strangely shaped
                  | body. [potion of mutation]
107279 | Pan      | Lost mutation: You are occasionally teleported next to
                  | monsters. [potion of mutation]
107279 | Pan      | Gained mutation: You have great hidden genetic potential.
                  | [potion of mutation]
107280 | Pan      | Lost mutation: Your flesh is cold resistant. (rC+) [potion
                  | of mutation]
107280 | Pan      | Lost mutation: You have great hidden genetic potential.
                  | [potion of mutation]
107280 | Pan      | Gained mutation: Your body often deteriorates upon taking
                  | damage. [potion of mutation]
107280 | Pan      | Gained mutation: Your muscles are strong. (Str +4, Int/Dex
                  | -1) [potion of mutation]
107280 | Pan      | Gained mutation: Your muscles are very strong. (Str +8,
                  | Int/Dex -2) [potion of mutation]
107281 | Pan      | Lost mutation: Your muscles are very strong. (Str +8,
                  | Int/Dex -2) [potion of mutation]
107281 | Pan      | Lost mutation: You have hidden genetic potential. [potion
                  | of mutation]
107281 | Pan      | Lost mutation: Your muscles are strong. (Str +4, Int/Dex
                  | -1) [potion of mutation]
107281 | Pan      | Gained mutation: You have an increased reservoir of magic.
                  | (+10% MP) [potion of mutation]
107281 | Pan      | Gained mutation: Armour fits poorly on your strangely
                  | shaped body. [potion of mutation]
107282 | Pan      | Lost mutation: Armour fits poorly on your strangely shaped
                  | body. [potion of mutation]
107282 | Pan      | Lost mutation: Your body often deteriorates upon taking
                  | damage. [potion of mutation]
107282 | Pan      | Gained mutation: You have hidden genetic potential. [potion
                  | of mutation]
107283 | Pan      | Lost mutation: Your body sometimes deteriorates upon taking
                  | damage. [potion of mutation]
107283 | Pan      | Lost mutation: You have an increased reservoir of magic.
                  | (+10% MP) [potion of mutation]
107283 | Pan      | Gained mutation: You are dopey. (Int -2) [potion of
                  | mutation]
107283 | Pan      | Gained mutation: You have a somewhat thin skeletal
                  | structure. (Dex +2, Stealth+) [potion of mutation]
107284 | Pan      | Lost mutation: You have a somewhat thin skeletal structure.
                  | (Dex +2, Stealth+) [potion of mutation]
107284 | Pan      | Lost mutation: You are dopey. (Int -2) [potion of mutation]
107284 | Pan      | Gained mutation: You possess an exceptional clarity of
                  | mind. [potion of mutation]
107284 | Pan      | Gained mutation: Your mind is acute. (Int +4, Str/Dex -1)
                  | [potion of mutation]
107313 | Pan      | Learned a level 9 spell: Death's Door
107692 | Pan      | Noticed Izyenlal the pandemonium lord
107706 | Pan      | Killed Izyenlal the pandemonium lord
108704 | Pan      | Noticed Fuwug the pandemonium lord
108709 | Pan      | Killed Fuwug the pandemonium lord
109418 | Pan      | Found an exit through the horrors of the Abyss.
110092 | Pan      | Noticed Padwileg the pandemonium lord
110093 | Pan      | Killed Padwileg the pandemonium lord
110356 | Pan      | Noticed Qaidunwe the pandemonium lord
110360 | Pan      | Killed Qaidunwe the pandemonium lord
110361 | Pan      | Reached skill level 15 in Dodging
110485 | Pan      | Gained mutation: Your flesh is heat resistant. (rF+)
                  | [hidden potential]
110626 | Pan      | Entered the realm of Lom Lobon.
110952 | Pan      | Noticed Lom Lobon
110964 | Pan      | Killed Lom Lobon
111343 | Pan      | Acquired the +2 hat of Durog {Regen+}
111371 | Pan      | Got a magical rune of Zot
112675 | Pan      | Identified the +5 trident "Killer Bee's Peril" {venom,
                  | rPois Int-5 Stlth+}
112752 | Pan      | Noticed Mennas
112778 | Pan      | Killed Mennas
112931 | Pan      | Noticed Ipsuor the pandemonium lord
112935 | Pan      | Killed Ipsuor the pandemonium lord
113459 | Pan      | Noticed Puamesko the pandemonium lord
113467 | Pan      | Killed Puamesko the pandemonium lord
113703 | Pan      | Identified the amulet "Dixkuc" {Faith rElec rC- Int+2}
114088 | Pan      | Noticed Vamugoam the pandemonium lord
114091 | Pan      | Killed Vamugoam the pandemonium lord
114282 | Pan      | Entered the realm of Cerebov.
114545 | Pan      | Gained mutation: You have a somewhat thin skeletal
                  | structure. (Dex +2, Stealth+) [hidden potential]
114545 | Pan      | Lost mutation: You have hidden genetic potential. [hidden
                  | potential expressed]
114669 | Pan      | Found an exit through the horrors of the Abyss.
114879 | Pan      | Reached skill level 27 in Fire Magic
114922 | Pan      | Identified the amulet of the Voivode {rPois rC+ Regen+
                  | Dex-5}
114927 | Pan      | Found the +6 sword of Cerebov {flame}
114927 | Pan      | Noticed Cerebov
114931 | Pan      | Killed Cerebov
115104 | Pan      | Identified the +1 falchion of Affach {flame, rN+}
115105 | Pan      | Identified the +6 longbow of Thoughtfulness {heavy, rPois
                  | Int-3 Dex+3}
115125 | Pan      | Identified the staff "Voatudwept" {rF+ rCorr Fire}
115126 | Pan      | Identified the +0 scale mail "Odangesch" {Fly rElec SInv}
115170 | Pan      | Identified the staff of Kias {rC+ rN+ Str-3 Int+3 Ice}
115192 | Pan      | Identified the amulet "Cof Madd" {Faith ^Contam Int+3}
115270 | Pan      | Reached skill level 10 in Stealth
115339 | Pan      | Got a fiery rune of Zot
115391 | Pan      | Reached skill level 27 in Fighting
116055 | Pan      | Noticed Dofijis the pandemonium lord
116061 | Pan      | Killed Dofijis the pandemonium lord
116701 | Pan      | Entered the realm of Gloorx Vloq.
116823 | Pan      | Noticed Gloorx Vloq
116826 | Pan      | Killed Gloorx Vloq
116914 | Pan      | Got a dark rune of Zot
117400 | Pan      | Found an exit through the horrors of the Abyss.
118067 | Pan      | Reached skill level 15 in Earth Magic
118349 | Pan      | Found an exit through the horrors of the Abyss.
118660 | Pan      | Gained mutation: You are occasionally teleported next to
                  | monsters. [a neqoxec]
118664 | Pan      | Noticed Pupaed the pandemonium lord
118690 | Pan      | Killed Pupaed the pandemonium lord
119235 | Pan      | Lost mutation: Your flesh is heat resistant. (rF+) [potion
                  | of mutation]
119235 | Pan      | Lost mutation: You are occasionally teleported next to
                  | monsters. [potion of mutation]
119235 | Pan      | Lost mutation: You possess an exceptional clarity of mind.
                  | [potion of mutation]
119235 | Pan      | Gained mutation: Your spells are a little harder to cast,
                  | but a little more powerful. [potion of mutation]
120255 | Depths:2 | Escaped Pandemonium
120277 | Depths:2 | Bought a brightly glowing leather armour for 322 gold
                  | pieces
120277 | Depths:2 | Identified the +0 leather armour of Light {rF+ rCorr Dex-2
                  | Stlth+} (You bought it in a shop on level 2 of the Depths)
120288 | Depths:2 | Bought a runed robe for 140 gold pieces
120288 | Depths:2 | Bought an embroidered robe for 140 gold pieces
120301 | Hell     | Entered the Vestibule of Hell
120301 | Hell     | Noticed Geryon
120306 | Hell     | Killed Geryon
120342 | Hell     | Noticed Murray
120499 | Hell     | Killed Murray
120866 | Hell     | Found a gateway to the freezing wastes of Cocytus.
120899 | Hell     | Found a gateway to the Iron City of Dis.
120985 | Hell     | Found a gateway to the decaying netherworld of Tartarus.
121040 | Hell     | Found a gateway to the ashen valley of Gehenna.
121286 | Geh:1    | Entered Level 1 of Gehenna
121656 | Geh:2    | Noticed an ancient lich
121663 | Geh:2    | Killed an ancient lich
122438 | Geh:7    | Entered Level 7 of Gehenna
123228 | Geh:7    | Found the +13 sceptre of Asmodeus
123228 | Geh:7    | Noticed Asmodeus
123232 | Geh:7    | Killed Asmodeus
123295 | Geh:7    | Got an obsidian rune of Zot
123310 | Geh:7    | Identified the ring "Exuafy" {rPois rF+ MP+9 SInv}
123971 | Coc:1    | Entered Level 1 of Cocytus
125013 | Coc:7    | Entered Level 7 of Cocytus
125724 | Coc:7    | Noticed the Serpent of Hell
125728 | Coc:7    | Killed the Serpent of Hell
126235 | Coc:7    | Noticed Antaeus
126240 | Coc:7    | Killed Antaeus
126266 | Coc:7    | Got an icy rune of Zot
126840 | D:8      | Bought the Codex of the Fjord for 200 gold pieces
126853 | D:8      | Learned a level 9 spell: Shatter
127188 | Dis:1    | Entered Level 1 of the Iron City of Dis
127188 | Dis:1    | Noticed a juggernaut
127190 | Dis:1    | Killed a juggernaut
127202 | Dis:1    | Noticed a juggernaut
127206 | Dis:1    | Killed a juggernaut
127520 | Dis:1    | Noticed a juggernaut
127524 | Dis:1    | Killed a juggernaut
128565 | Dis:4    | You are sucked into a shaft and drop 2 floors!
128672 | Dis:7    | Entered Level 7 of the Iron City of Dis
129117 | Dis:7    | Reached skill level 27 in Armour
130145 | Dis:7    | Noticed a juggernaut
130148 | Dis:7    | Killed a juggernaut
130196 | Dis:7    | Noticed Dispater
130200 | Dis:7    | Killed Dispater
130296 | Dis:7    | Got an iron rune of Zot
130320 | Dis:7    | Identified the +8 mace of Amymugy {flame, rPois Int+5
                  | Dex-2}
130380 | Dis:7    | Gained mutation: You occasionally lose the ability to read
                  | scrolls when taking damage. [mutagenic glow]
130391 | Dis:7    | Gained mutation: You occasionally lose the ability to drink
                  | potions when taking damage. [mutagenic glow]
130975 | Dis:7    | Identified the ring "Tipt" {rElec Will+ Dex+4}
131024 | Dis:7    | Noticed a juggernaut
131026 | Dis:7    | Killed a juggernaut
131162 | Dis:7    | Identified the +4 longbow "Loewkig" {speed, rElec Str+2
                  | SInv}
131165 | Dis:7    | Identified the amulet "Nacwaebi" {Faith +Inv}
131385 | Tar:1    | Entered Level 1 of Tartarus
132308 | Tar:4    | Noticed a dread lich
132314 | Tar:4    | Killed a dread lich
132648 | Tar:7    | Entered Level 7 of Tartarus
133251 | Tar:7    | Noticed Ereshkigal
133255 | Tar:7    | Killed Ereshkigal
133522 | Tar:7    | Noticed a dread lich
133526 | Tar:7    | Killed a dread lich
134689 | Tar:7    | Identified the +8 dagger of the World {drain, Fly Will+
                  | rCorr Dex+2}
134737 | Tar:7    | Identified the +8 short sword of Disarray {vamp, *Slow
                  | rElec Int+2 Dex+5}
134738 | Tar:7    | Identified the +7 flail of the Dwarven Hall {elec, rElec
                  | rPois}
134740 | Tar:7    | Identified the staff of Brutal Revenge {rCorr Fire Air
                  | Earth}
134743 | Tar:7    | Got a bone rune of Zot
135398 | Tomb:1   | Entered Level 1 of the Tomb of the Ancients
135644 | Tomb:1   | Noticed a royal mummy
135647 | Tomb:1   | Noticed a royal mummy
135650 | Tomb:1   | Killed a royal mummy
135652 | Tomb:1   | Noticed a royal mummy
135807 | Tomb:1   | Noticed a royal mummy
135807 | Tomb:1   | Noticed a royal mummy
135808 | Tomb:1   | Noticed a royal mummy
135810 | Tomb:1   | Killed a royal mummy
135810 | Tomb:1   | Noticed a royal mummy
135811 | Tomb:1   | Killed a royal mummy
135811 | Tomb:1   | Noticed a royal mummy
135812 | Tomb:1   | Noticed a royal mummy
135815 | Tomb:1   | Killed a royal mummy
135815 | Tomb:1   | Killed a royal mummy
135815 | Tomb:1   | Noticed a royal mummy
135815 | Tomb:1   | Noticed a royal mummy
135816 | Tomb:1   | Noticed a royal mummy
135817 | Tomb:1   | Killed a royal mummy
135817 | Tomb:1   | Killed a royal mummy
135818 | Tomb:1   | Killed a royal mummy
135818 | Tomb:1   | Killed a royal mummy
135819 | Tomb:1   | Killed a royal mummy
135824 | Tomb:1   | Noticed a royal mummy
135834 | Tomb:1   | Noticed a royal mummy
135836 | Tomb:1   | Noticed a royal mummy
135837 | Tomb:1   | Noticed a royal mummy
135839 | Tomb:1   | Noticed a royal mummy
135842 | Tomb:1   | Killed a royal mummy
135847 | Tomb:1   | Noticed a royal mummy
135849 | Tomb:1   | Noticed a royal mummy
135851 | Tomb:1   | Noticed a royal mummy
135854 | Tomb:1   | Noticed a royal mummy
135857 | Tomb:1   | Killed a royal mummy
135859 | Tomb:1   | Killed a royal mummy
135862 | Tomb:1   | Killed a royal mummy
135863 | Tomb:1   | Killed a royal mummy
135866 | Tomb:1   | Noticed a royal mummy
135866 | Tomb:1   | Noticed a royal mummy
135866 | Tomb:1   | Noticed a royal mummy
135867 | Tomb:1   | Noticed a royal mummy
135868 | Tomb:1   | Noticed a royal mummy
135870 | Tomb:1   | Noticed a royal mummy
135871 | Tomb:1   | Noticed a royal mummy
135873 | Tomb:1   | Killed a royal mummy
135873 | Tomb:1   | Killed a royal mummy
135873 | Tomb:1   | Killed a royal mummy
135873 | Tomb:1   | Noticed a royal mummy
135873 | Tomb:1   | Noticed a royal mummy
135874 | Tomb:1   | Killed a royal mummy
135874 | Tomb:1   | Killed a royal mummy
135874 | Tomb:1   | Killed a royal mummy
135874 | Tomb:1   | Killed a royal mummy
135877 | Tomb:1   | Killed a royal mummy
135877 | Tomb:1   | Killed a royal mummy
135877 | Tomb:1   | Killed a royal mummy
135878 | Tomb:1   | Killed a royal mummy
135878 | Tomb:1   | Killed a royal mummy
136611 | Tomb:2   | Noticed a royal mummy
136627 | Tomb:2   | Noticed a royal mummy
136636 | Tomb:2   | Noticed a royal mummy
136636 | Tomb:2   | Noticed a royal mummy
136651 | Tomb:2   | Killed a royal mummy
136652 | Tomb:2   | Killed a royal mummy
137195 | Tomb:3   | Entered Level 3 of the Tomb of the Ancients
137219 | Tomb:3   | Noticed a royal mummy
137224 | Tomb:3   | Killed a royal mummy
137236 | Tomb:3   | Noticed a royal mummy
137239 | Tomb:3   | Noticed a royal mummy
137240 | Tomb:3   | Killed a royal mummy
137241 | Tomb:3   | Noticed a royal mummy
137243 | Tomb:3   | Killed a royal mummy
137247 | Tomb:3   | Killed a royal mummy
137254 | Tomb:3   | Gained mutation: You are frail. (-10% HP) [mutagenic glow]
137318 | Tomb:3   | Identified the +8 quarterstaff of the Jester {vamp, SInv
                  | Stlth+}
137391 | Tomb:3   | Identified the +1 chain mail "Acleum" {rF++ rN+}
137529 | Tomb:3   | Identified the +4 long sword "Ebbaown" {heavy, Str+2}
137540 | Tomb:3   | Identified the ring "Woguiqan" {rF+ rCorr MP+9 Int+3}
137546 | Tomb:3   | Identified the +2 plate armour of Happy Babbling {+Inv rF+}
137555 | Tomb:3   | Identified the +0 leather armour of the Fabulous God {rCorr
                  | Slay+3}
137566 | Tomb:3   | Identified the +6 plate armour of the First Friars {Will+}
137567 | Tomb:3   | Identified the +7 chain mail "Ygyaluq" {rC+ Int-2 Stlth+}
137577 | Tomb:3   | Identified the staff "Killer Bee's Peril" {rPois Str+2
                  | Alchemy}
137746 | Tomb:3   | Noticed a royal mummy
137750 | Tomb:3   | Killed a royal mummy
137818 | Tomb:3   | Killed a royal mummy
137875 | Tomb:3   | Noticed a royal mummy
137877 | Tomb:3   | Killed a royal mummy
137877 | Tomb:3   | Noticed a royal mummy
137879 | Tomb:3   | Killed a royal mummy
137884 | Tomb:3   | Noticed a royal mummy
137969 | Tomb:3   | Got a golden rune of Zot
139089 | Zot:5    | Noticed an orb of fire
139096 | Zot:5    | Noticed an orb of fire
139098 | Zot:5    | Noticed an orb of fire
139123 | Zot:5    | Killed an ancient lich
139253 | Zot:5    | Got the Orb of Zot
139275 | Zot:5    | Gained mutation: You are clumsy. (Dex -2) [an orb of fire]
139280 | Zot:5    | Gained mutation: You occasionally shout uncontrollably at
                  | your foes. [an orb of fire]
139280 | Zot:5    | Noticed an ancient lich
139282 | Zot:5    | Killed an orb of fire
139286 | Zot:5    | Noticed Uwnepong the pandemonium lord
139286 | Zot:5    | Killed an ancient lich
139289 | Zot:5    | Gained mutation: Armour fits poorly on your strangely
                  | shaped body. [an orb of fire]
139291 | Zot:5    | Killed Uwnepong the pandemonium lord
139317 | Zot:5    | Killed an orb of fire
139424 | Zot:2    | Noticed Voutziec the pandemonium lord
139498 | Zot:1    | Noticed Wuuzont the pandemonium lord
139889 | D:14     | Noticed Bishaom the pandemonium lord
140121 | D:6      | Lost mutation: Armour fits poorly on your strangely shaped
                  | body. [potion of mutation]
140121 | D:6      | Lost mutation: Your spells are a little harder to cast, but
                  | a little more powerful. [potion of mutation]
140121 | D:6      | Lost mutation: You occasionally shout uncontrollably at
                  | your foes. [potion of mutation]
140121 | D:6      | Gained mutation: Your mind is very acute. (Int +8, Str/Dex
                  | -2) [potion of mutation]
140121 | D:6      | Gained mutation: Your flesh is heat resistant. (rF+)
                  | [potion of mutation]
140122 | D:6      | Lost mutation: You have a somewhat thin skeletal structure.
                  | (Dex +2, Stealth+) [potion of mutation]
140122 | D:6      | Lost mutation: You are frail. (-10% HP) [potion of
                  | mutation]
140122 | D:6      | Gained mutation: You are partially covered in iridescent
                  | scales. (AC +2) [potion of mutation]
140123 | D:6      | Lost mutation: You occasionally lose the ability to read
                  | scrolls when taking damage. [potion of mutation]
140123 | D:6      | Lost mutation: You are clumsy. (Dex -2) [potion of
                  | mutation]
140123 | D:6      | Lost mutation: You occasionally lose the ability to drink
                  | potions when taking damage. [potion of mutation]
140123 | D:6      | Gained mutation: You do not regenerate when monsters are
                  | visible. [potion of mutation]
140123 | D:6      | Gained mutation: You are frail. (-10% HP) [potion of
                  | mutation]
140123 | D:6      | Gained mutation: You are mostly covered in iridescent
                  | scales. (AC +4) [potion of mutation]
140124 | D:6      | Lost mutation: Your flesh is heat resistant. (rF+) [potion
                  | of mutation]
140124 | D:6      | Lost mutation: You are frail. (-10% HP) [potion of
                  | mutation]
140124 | D:6      | Lost mutation: You are mostly covered in iridescent scales.
                  | (AC +4) [potion of mutation]
140124 | D:6      | Gained mutation: Your spells are a little easier to cast,
                  | but a little less powerful. [potion of mutation]
140124 | D:6      | Gained mutation: Your spells are easier to cast, but less
                  | powerful. [potion of mutation]
140124 | D:6      | Gained mutation: You are robust. (+10% HP) [potion of
                  | mutation]
140124 | D:6      | Gained mutation: You are somewhat resistant to further
                  | mutation. [potion of mutation]
140125 | D:6      | Lost mutation: You are somewhat resistant to further
                  | mutation. [potion of mutation]
140125 | D:6      | Lost mutation: Your mind is very acute. (Int +8, Str/Dex
                  | -2) [potion of mutation]
140125 | D:6      | Lost mutation: You are partially covered in iridescent
                  | scales. (AC +2) [potion of mutation]
140125 | D:6      | Gained mutation: Armour fits poorly on your strangely
                  | shaped body. [potion of mutation]
140125 | D:6      | Gained mutation: You are very robust. (+20% HP) [potion of
                  | mutation]
140126 | D:6      | Lost mutation: Your mind is acute. (Int +4, Str/Dex -1)
                  | [potion of mutation]
140126 | D:6      | Lost mutation: Armour fits poorly on your strangely shaped
                  | body. [potion of mutation]
140126 | D:6      | Gained mutation: You have a somewhat thin skeletal
                  | structure. (Dex +2, Stealth+) [potion of mutation]
140126 | D:6      | Gained mutation: You occasionally shout uncontrollably at
                  | your foes. [potion of mutation]
140127 | D:6      | Lost mutation: You are very robust. (+20% HP) [potion of
                  | mutation]
140127 | D:6      | Lost mutation: Your spells are easier to cast, but less
                  | powerful. [potion of mutation]
140127 | D:6      | Lost mutation: You do not regenerate when monsters are
                  | visible. [potion of mutation]
140127 | D:6      | Gained mutation: You passively map a small area around you.
                  | [potion of mutation]
140127 | D:6      | Lost mutation: You have a somewhat thin skeletal structure.
                  | (Dex +2, Stealth+) [potion of mutation]
140128 | D:6      | Lost mutation: You are robust. (+10% HP) [potion of
                  | mutation]
140128 | D:6      | Lost mutation: You passively map a small area around you.
                  | [potion of mutation]
140128 | D:6      | Lost mutation: You occasionally shout uncontrollably at
                  | your foes. [potion of mutation]
140128 | D:6      | Gained mutation: Your spells are easier to cast, but less
                  | powerful. [potion of mutation]
140128 | D:6      | Gained mutation: You are partially covered in iridescent
                  | scales. (AC +2) [potion of mutation]
140129 | D:6      | Lost mutation: You are partially covered in iridescent
                  | scales. (AC +2) [potion of mutation]
140129 | D:6      | Lost mutation: Your spells are easier to cast, but less
                  | powerful. [potion of mutation]
140129 | D:6      | Lost mutation: Your spells are a little easier to cast, but
                  | a little less powerful. [potion of mutation]
140129 | D:6      | Gained mutation: You are dopey. (Int -2) [potion of
                  | mutation]
140130 | D:6      | Lost mutation: You are dopey. (Int -2) [potion of mutation]
140130 | D:6      | Gained mutation: Your natural rate of healing is unusually
                  | fast. [potion of mutation]
140130 | D:6      | Gained mutation: Your mind is acute. (Int +4, Str/Dex -1)
                  | [potion of mutation]
140130 | D:6      | Gained mutation: You are strong-willed. (Will+) [potion of
                  | mutation]
140343 | D:$      | Escaped with the Orb!

Illustrated notes

Levels and vault maps discovered:
D:1:      onia_arrival_mini_maze, layout_loops_corners
D:2:      layout_loops_corners, feat_on_display
D:3:      layout_rooms, overflow_temple_1_default,
          grunt_temple_overflow_forces_of_nature, uniq_jessica
D:4:      layout_basic, elyvilon_altar_1, minmay_temple_entry_poolview,
          kennysheep_nondescript
D:5:      layout_gridville, uniq_sigmund
D:6:      minmay_cornered_nines, layout_loops_ring, jmf_multi_god_temple,
          mainiacjoe_overflow_surrounded_room, minmay_manual_mandibuliform
D:7:      layout_gridville, yredelemnul_forgotten_temple_becter, serial_shops,
          shop, nicolae_shop_tiny_statue_garden, shop, shop_fountains
D:8:      layout_loops_cross, kennysheep_little_box,
          nicolae_shop_i_like_small_books_too, hangedman_decor_push,
          nicolae_diode_intersection
D:9:      layout_rooms, minitemple, due_lair_maze_entry_diamond, uniq_joseph
D:10:     layout_big_octagon, nicolae_hepliaklqana_monster_ancestors,
          lightli_temple_of_fire, trove_entry_hex_spiral, uniq_sonja, uniq_lodul
D:11:     layout_basic, minmay_misc_feat_roman, hellmonk_guarded_unrand_gong,
          uniq_maurice, uniq_erolcha, uniq_nergalle, uniq_erica, uniq_josephine
D:12:     layout_basic, uniq_frances, uniq_urug
D:13:     layout_stronghold, david_vaults_2
D:14:     layout_loops_ring, infiniplex_staircase_pool_1,
          maelrawn_ghost_gauntlet_escape, hangedman_fish_farm, uniq_jorgrun,
          uniq_kirke
D:15:     grunt_enter_depths_hoard, layout_loops_ring, reono_crystal_passage,
          tso_altar
Temple:   compressed_dpeg_triangle_lava_temple
Lair:1:   layout_regular_city, infiniplex_staircase_pool_2, serial_bayou_shore_b
Lair:2:   layout_cave_pods, mainiacjoe_shoals_entry_four_pools,
          hellmonk_spider_entry_life_and_decay, dpeg_stationary_puzzle,
          uniq_amaemon
Lair:3:   layout_big_grid, minivault_25, lemuel_fruit_tree
Lair:4:   layout_roguey, minmay_slime_entry_jelly_boxes, beast_lair_carwin_11
Lair:5:   grunt_lair_end_beastmaster, layout_gridlike,
          gammafunk_ghost_hydra_chop
Shoals:1: layout_shoals, serial_shops, shop
Shoals:2: layout_shoals, uniq_roxanne, uniq_aizul
Shoals:3: layout_shoals, serial_shops, shop
Shoals:4: shoals_end_hangedman, layout_shoals,
          nicolae_shoals_siren_and_animal_friends
Spider:1: layout_spider_delve, einodemon_crawler_minivault
Spider:2: nicolae_spider_hilbert_zone_5 [nicolae_spider_hilbert_3_sides_1_open,
          nicolae_spider_hilbert_4_sides_1_open,
          nicolae_spider_hilbert_4_sides_1_open,
          nicolae_spider_hilbert_6_sides_1_open,
          nicolae_spider_hilbert_6_sides_1_open], gammafunk_ghost_grave
Spider:3: layout_chambers
Spider:4: grunt_spider_rune_parallel, nicolae_spider_checkerboard
Slime:1:  layout_caves, nicolae_slime_getting_an_eyeful
Slime:2:  layout_caves, uniq_dissolution
Slime:3:  layout_caves, dissolution_awaits
Slime:4:  layout_caves
Slime:5:  slime_pit
Orc:1:    layout_caves, nicolae_orc_sculptors_studio
Orc:2:    grunt_orc_tribal_feast, layout_caves, basic_altar
Elf:1:    layout_gridlike, hangedman_elf_represent, grunt_megastairs_2,
          minmay_shop_star
Elf:2:    nicolae_elf_blades_crystal_corner, layout_geoelf_diagonals,
          gammafunk_ghost_grave, serial_shops, shop, guppyfry_elf_altar
Elf:3:    grunt_elf_hall_asides, layout_gridlike, serial_shops, shop,
          gammafunk_ghost_abyssal_escape
Vaults:1: ontoclasm_vaults_misaligned, v_misc_8,
          ontoclasm_vaults_claustrophobia, ontoclasm_vaults_gallery,
          nicolae_vaults_layer_cake_slice, nicolae_vaults_tangram_2,
          v_pattern_5, hangedman_vaults_impose, vaults_room_stairs_pillars,
          layout_vaults_ring, serial_shops, bzr_entry_customers
Vaults:2: minmay_crypt_entry_nasty_monster, nicolae_vaults_twisting_passages,
          v_pattern_4, vaults_room_door_ring, nicolae_vaults_closet_pinwheel_5,
          v_rooms_5, vaults_room_corners, nicolae_vaults_crenellated_ambush,
          nicolae_vaults_surprise_closet, vaults_dpeg_diagonal,
          layout_vaults_quadrants
Vaults:3: nicolae_vaults_storage_closets_2, v_misc_24,
          nicolae_vaults_hexular_roomagon, st_eye,
          nicolae_vaults_network_square, hangedman_vaults_capsules, v_misc_13,
          ontoclasm_vaults_chip, nicolae_vaults_door_testing_chamber,
          serial_ice_h, layout_vaults_big_cross, serial_shops,
          nicolae_shop_tiny_glass, uniq_margery
Vaults:4: vaults_mumra_minichess_inversion, ontoclasm_vaults_decontamination,
          v_misc_14, vaults_dpeg_doors, nicolae_vaults_spaceships,
          nicolae_vaults_more_shelving_1, v_pattern_1,
          ontoclasm_vaults_ring_small, vaults_mumra_bighexcomb,
          vaults_standard_mumra_lines, grunt_vaults_focal,
          nicolae_vaults_network_s, ontoclasm_vaults_misaligned,
          ontoclasm_vaults_ring_square, layout_vaults_maze, serial_shops,
          nicolae_shop_tiny_glass
Vaults:5
Crypt:1:  layout_gridlike, uniq_xtahua, uniq_bai_suzhen
Crypt:2:  layout_basic, uniq_josephina, uniq_zenata
Crypt:3:  grunt_crypt_end_deaths_head, uniq_grunn, uniq_vv
Tomb:1
Tomb:2
Tomb:3
Depths:1: hangedman_cross_stitches, layout_basic, hell_entry,
          minmay_misc_feat_columns, minmay_shattered_shrine
Depths:2: minmay_expanding_squares, layout_gridlike, enter_ziggurat_b,
          grunt_mini_vestibule, pan_entry, roderic_lattice_octagonal_star,
          infiniplex_staircase_star
Depths:3: regret_index_nemelex_summoning_deck_glade, layout_basic, abyss_entry,
          hell_entry, minmay_door_square, minmay_microvault
Depths:4: evilmike_zot_entry_basic, layout_cave_pools, mu_enter_wizlab_1,
          hellmouth_1, grunt_decor_fettered, serial_shops, bzr_entry_islet,
          minmay_shoptagon
Hell
Dis:1:    nicolae_hells_titanomachy
Dis:2:    layout_regular_city, nicolae_dis_scattering
Dis:3:    layout_jigsaw, hangedman_dis_decor_tower
Dis:4:    layout_gridville
Dis:6:    layout_overlapping_boxes
Dis:7:    dis_st
Geh:1:    nicolae_hells_demon_pit, layout_gehenna_pools_triple,
          lemuel_flamethrower_2
Geh:2:    layout_gehenna_pools_box
Geh:3:    layout_gehenna_lava_caves
Geh:4:    layout_gehenna_pools_triple
Geh:5:    layout_gehenna_lava_caves
Geh:6:    layout_gehenna_lava_caves
Geh:7:    geh_hangedman
Coc:1:    layout_ice_bergs
Coc:2:    layout_ice_bergs
Coc:3:    layout_cocytus_delve, nicolae_hells_hurtin_island
Coc:4:    layout_cocytus_delve
Coc:5:    layout_cocytus_water_paths
Coc:6:    layout_cocytus_water_paths, serial_ice
Coc:7:    coc_old
Tar:1:    layout_cathedral_of_symmetry
Tar:2:    layout_grid_maze
Tar:3:    layout_grid_maze
Tar:4:    layout_grid_maze, nicolae_tar_combstack
Tar:5:    layout_grid_maze, nicolae_tar_cuneiform_bird
Tar:6:    nicolae_tar_checkpoint_tarlie, layout_cathedral_of_symmetry
Tar:7:    tar_minmay_river
Zot:1:    layout_cathedral_of_symmetry, gammafunk_ghost_mausoleum,
          grunt_megastairs_4
Zot:2:    layout_concentric_octagons, grunt_megastairs_1
Zot:3:    layout_misc_corridors
Zot:4:    layout_gridlike, grunt_megastairs_3
Zot:5:    layout_gridlike, skrybe_zot_glass_2

Skill      XL: |  1  2  3  4  5  6  7  8  9 10 11 12 13 14 15 16 17 18 19 20 21 22 23 24 25 26 27 |
---------------+----------------------------------------------------------------------------------+-----
Conjurations   | 2 3 4 5 7 9 11 12 14 18 20 24 27 | 27.0
Dodging        | 3 5 7 8 10 12 26 | 26.5
Stealth        | 3 4 5 10 | 10.0
Air Magic      | 5 7 9 12 14 16 18 20 21 22 23 25 26 27 | 27.0
Spellcasting   | 3 4 6 7 8 9 10 14 17 19 20 27 | 27.0
Armour         | 2 4 5 7 11 15 27 | 27.0
Fighting       | 1 6 8 9 10 11 12 14 15 18 20 27 | 27.0
Fire Magic     | 1 6 7 27 | 27.0
Shields        | 10 12 13 14 15 25 | 25.1
Necromancy     | 23 | 23.0
Earth Magic    | 22 | 22.2
Throwing       | |  0.1

Action                     |  1- 3 |  4- 6 |  7- 9 | 10-12 | 13-15 | 16-18 | 19-21 | 22-24 | 25-27 || total
---------------------------+-------+-------+-------+-------+-------+-------+-------+-------+-------++-------
  Melee: Unarmed           |    11 |       |       |       |       |       |       |       |       ||    11
         Peck              |     2 |     3 |     3 |    20 |    13 |    48 |    41 |    12 |   266 ||   408
         Kick              |     4 |     4 |       |    29 |    28 |    59 |    63 |    15 |   377 ||   579
         Punch             |     1 |       |       |     1 |     1 |       |       |       |       ||     3
         Dagger            |     8 |    27 |     9 |    95 |    71 |   154 |    87 |       |       ||   451
         Staff             |       |       |       |       |       |       |    46 |    30 |   613 ||   689
  Throw: Throwing net      |       |       |       |       |       |       |     1 |       |       ||     1
   Cast: Shock             |    44 |    55 |    27 |    14 |       |     2 |     2 |       |       ||   144
         Static Discharge  |    10 |     7 |    13 |    16 |       |       |       |       |       ||    46
         Airstrike         |       |     6 |    67 |   261 |   286 |    29 |    10 |     6 |    13 ||   678
         Swiftness         |       |       |     1 |     1 |     3 |     2 |     2 |       |       ||     9
         Fireball          |       |       |       |     8 |    14 |     3 |     7 |       |     1 ||    33
         Plasma Beam       |       |       |       |       |   229 |   450 |   437 |   194 |   134 ||  1444
         Arcjolt           |       |       |       |       |    12 |    98 |    55 |       |       ||   165
         Maxwell's Capacit |       |       |       |       |       |     6 |    24 |    15 |   101 ||   146
         Orb of Destructio |       |       |       |       |       |       |    15 |     5 |     7 ||    27
         Chain Lightning   |       |       |       |       |       |       |       |   275 |  2054 ||  2329
         Starburst         |       |       |       |       |       |       |       |       |     1 ||     1
         Fire Storm        |       |       |       |       |       |       |       |       |   256 ||   256
         Lehudib's Crystal |       |       |       |       |       |       |       |       |   153 ||   153
         Ignition          |       |       |       |       |       |       |       |       |   102 ||   102
         Shatter           |       |       |       |       |       |       |       |       |    38 ||    38
         Sublimation of Bl |       |       |       |       |       |       |       |       |    19 ||    19
         Vhi's Electric Ch |       |       |       |       |       |       |       |       |     4 ||     4
         Death's Door      |       |       |       |       |       |       |       |       |     1 ||     1
 Invoke: Call Merchant     |       |       |       |       |     3 |     3 |     1 |     3 |     5 ||    15
         Potion Petition   |       |       |       |       |       |       |     1 |     1 |    42 ||    44
         Bribe Branch      |       |       |       |       |       |       |       |       |     6 ||     6
  Evoke: Wand              |       |       |     3 |     2 |     1 |     3 |       |       |     6 ||    15
         Sack of spiders   |       |       |       |       |       |     2 |     1 |       |     1 ||     4
         Phantom mirror    |       |       |       |       |       |     1 |     1 |       |     2 ||     4
    Use: Potion            |       |       |     2 |     1 |       |     3 |     7 |     5 |    78 ||    96
         Scroll            |       |       |     9 |     9 |    10 |    13 |     7 |     4 |    39 ||    91
   Stab: Sleeping          |     1 |     5 |       |       |       |       |     1 |       |     1 ||     8
         Distracted        |       |       |       |       |     1 |       |     2 |       |    11 ||    14
 Armour: Robe              |    24 |     8 |       |       |       |   151 |    89 |   127 |  1179 ||  1578
         Leather armour    |       |    10 |    41 |       |       |       |       |       |       ||    51
         Steam dragon scal |       |       |       |   129 |   103 |    27 |       |       |       ||   259
         Skin              |       |       |       |       |       |       |       |       |    46 ||    46
  Dodge: Dodged            |    24 |    25 |    48 |   237 |   241 |   124 |   114 |    53 |   576 ||  1442
  Block: Kite shield       |       |       |       |       |     2 |   632 |   484 |   131 |  1758 ||  3007

Table legend: (Time is in decaauts)
 A = Elapsed time spent in this place.
 B = Non-inter-level travel time spent in this place.
 C = Inter-level travel time spent in this place.
 D = Time resting spent in this place.
 E = Time spent auto-exploring this place.
 F = Levels seen in this place.
 G = Mean time per level.
                   A        B        C        D        E       F      G
               +--------+--------+--------+--------+--------+-----+--------+
         Total | 140420 | 125586 |  14834 |  26400 |  76909 | 145 |  968.4 |
       Dungeon |  25927 |  20867 |   5060 |   5076 |  13260 |  15 | 1728.5 |
        Temple |     23 |      0 |     23 |      0 |      0 |   1 |   23.0 |
          Lair |   9607 |   8366 |   1241 |   2493 |   4683 |   5 | 1921.4 |
        Shoals |   6765 |   6206 |    559 |   2010 |   3428 |   4 | 1691.2 |
   Spider Nest |   7527 |   6526 |   1001 |   1772 |   3926 |   4 | 1881.8 |
    Slime Pits |   5456 |   4962 |    494 |   2088 |   2370 |   5 | 1091.2 |
  Orcish Mines |   1848 |   1570 |    278 |    118 |   1160 |   2 |  924.0 |
   Elven Halls |   5759 |   5082 |    677 |    644 |   3623 |   3 | 1919.7 |
        Vaults |  12688 |  11210 |   1478 |   1833 |   7557 |   5 | 2537.6 |
         Crypt |   5351 |   4885 |    466 |   1255 |   3041 |   3 | 1783.7 |
          Tomb |   2987 |   2268 |    719 |    154 |   1628 |   3 |  995.7 |
        Depths |   9249 |   8243 |   1006 |   4020 |   3250 |   4 | 2312.2 |
          Hell |   1281 |    845 |    436 |    428 |    332 |   1 | 1281.0 |
           Dis |   4126 |   4050 |     76 |    503 |   2731 |   6 |  687.7 |
       Gehenna |   2594 |   2341 |    253 |     65 |   1735 |   7 |  370.6 |
       Cocytus |   2520 |   2355 |    165 |    216 |   1704 |   7 |  360.0 |
      Tartarus |   3203 |   3004 |    199 |    179 |   2203 |   7 |  457.6 |
           Zot |   7506 |   6812 |    694 |   1759 |   4094 |   5 | 1501.2 |
         Abyss |   2197 |   2197 |      0 |    375 |    421 |   8 |  274.6 |
   Pandemonium |  17488 |  17488 |      0 |    975 |  12065 |  21 |  832.8 |
      Ziggurat |   6169 |   6169 |      0 |    434 |   3638 |  27 |  228.5 |
        Bazaar |     49 |     49 |      0 |      0 |      0 |   1 |   49.0 |
         Trove |     89 |     89 |      0 |      0 |     58 |   1 |   89.0 |
               +--------+--------+--------+--------+--------+-----+--------+

Top non-repeatable levels by time:
  Lair:2: 3290 daAuts
Spider:3: 3176 daAuts
Depths:1: 2971 daAuts
Depths:3: 2903 daAuts
Vaults:2: 2821 daAuts
Vaults:3: 2778 daAuts
   Elf:3: 2749 daAuts
   Dis:7: 2643 daAuts
 Crypt:3: 2635 daAuts
Vaults:4: 2620 daAuts
    D:15: 2599 daAuts
    D:10: 2585 daAuts
     D:8: 2455 daAuts
     D:9: 2349 daAuts
   Tar:7: 2310 daAuts
